 Dungeon Crawl Stone Soup version 0.30.0-15-g856e2d3f33 (webtiles) character file.

Game seed: 6138430081850084196

424764 qw the Slayer (level 23, -12/162 HPs)
             Began as a Gargoyle Fighter on May 20, 2023.
             Was an Elder of Okawaru.
             Mangled by a war gargoyle
             ... wielding a +2 dire flail of holy wrath
              (13 damage)
             ... on level 5 of the Vaults.
             The game lasted 00:43:36 (53091 turns).

qw the Slayer (Gargoyle Fighter)                   Turns: 53091, Time: 00:43:36

Health: -12/162    AC: 57    Str: 35    XL:     23   Next: 78%
Magic:  30/30      EV: 20    Int: 11    God:    Okawaru [****..]
Gold:   2596       SH: 29    Dex: 12    Spells: 22/22 levels left

rFire   + . .        o - +9 war axe (spect)
rCold   + . .        B - +0 tower shield
rNeg    + . .        J - +1 plate armour {rC+}
rPois   inf          j - +2 helmet
rElec   +            w - +2 cloak of Reason {rElec rF+}
rCorr   .            G - +2 pair of gloves {Dex+3}
SInv    .            c - +2 pair of boots
Will    +....        v - amulet of reflection Stlth
                     k - ring "Geont" {Str+6 Slay+3}
HPRegen 0.47/turn    z - +5 ring of evasion
MPRegen 0.22/turn

%: reflection
@: heroic, marked, flying
A: sickness immunity, AC +17, big wings, negative energy resistance 1,
electricity resistance, torment resistance 1, petrification resistance
}: 2/15 runes: decaying, gossamer
a: Renounce Religion, Heroism, Finesse


You were on level 5 of the Vaults.
You worshipped Okawaru.
Okawaru was greatly pleased with you.
You visited 8 branches of the dungeon, and saw 40 of its levels.
You visited the Abyss 1 time.
You visited 1 bazaar.
You also visited: Gauntlet.

You collected 5454 gold pieces.
You spent 2858 gold pieces at shops.


Innate Abilities, Weirdness & Mutations

You are immune to sickness and miasma.
Your stone body is resilient. (AC +17)
You are immune to poison.
Your large and strong wings let you fly.
You resist negative energy. (rN+)
You are resistant to electric shocks. (rElec)
You are resistant to unholy torment.
You are immune to petrification.


   Skills:
 - Level 22.0(27) Fighting
 - Level 16.0(21.0) Axes
 - Level 12.3(17.3) Throwing
 + Level 21.6(26.6) Armour
 - Level 9.0(14.0) Dodging
 - Level 21.5(26.5) Shields
 - Level 10.2 Invocations


You had 22 spell levels left.
You didn't know any spells.
Your spell library was empty.

Inventory:

Hand Weapons
 o - a +9 spectral war axe (weapon)
 y - the +1 hand axe "Hydraslayer" {holy, *Slow rN+++ rCorr MP+9, mikee}
   (You found it on level 1 of the Depths)

   rN:        It renders you almost immune to negative energy.
   MP:        It affects your magic capacity (+9).
   rCorr:     It protects you from acid and corrosion.
   *Slow:     It may slow you when you take damage.
 E - the +9 war axe of Tension {pain, rF+++ MP+9 Str-4 Dex-4}
   (Okawaru gifted it to you on level 4 of the Spider Nest)

   Str:       It affects your strength (-4).
   Dex:       It affects your dexterity (-4).
   rF:        It renders you almost immune to fire.
   MP:        It affects your magic capacity (+9).
Missiles
 p - 15 boomerangs
 H - 4 javelins (quivered)
Armour
 c - a +2 pair of boots (worn)
 i - +0 ice dragon scales
 j - a +2 helmet (worn)
 s - +0 acid dragon scales
 w - the +2 cloak of Reason (worn) {rElec rF+}
   (You found it in a Gauntlet)

   rF:        It protects you from fire.
   rElec:     It insulates you from electricity.
 x - +0 fire dragon scales
 A - a +3 plate armour of poison resistance
 B - a +0 tower shield (worn)
 G - a +2 pair of gloves of dexterity (worn)
 J - a +1 plate armour of cold resistance (worn)
Jewellery
 k - the ring "Geont" (left hand) {Str+6 Slay+3}
   (You acquired it in a Gauntlet)

   [ring of strength]

   Str:       It affects your strength (+6).
   Slay:      It affects your accuracy & damage with ranged weapons and melee
   (+3).
 t - a ring of fire
 v - an amulet of reflection (around neck)
 z - a +5 ring of evasion (right hand)
 D - a ring of protection from cold
 F - a ring of resist corrosion
Wands
 a - a wand of digging (6)
Scrolls
 f - 18 scrolls of identify
 C - 5 scrolls of brand weapon
Potions
 b - 13 potions of lignification
 d - 11 potions of might
 e - 5 potions of cancellation
 g - a potion of resistance
 l - 18 potions of curing
 m - 7 potions of haste
 n - 4 potions of magic
 q - 8 potions of mutation
 u - 3 potions of attraction

Dungeon Overview and Level Annotations

Branches:
Dungeon (15/15)            Temple (1/1) D:5            Lair (5/5) D:8
  Swamp (4/4) Lair:3       Spider (4/4) Lair:3        Slime (0/5) Lair:5
    Orc (2/2) D:10            Elf (0/3) Orc:2        Vaults (5/5) D:14
  Crypt (0/3) Vaults:2     Depths (4/4) D:15            Zot (0/5) Depths:4
Gauntlet (visited)

Altars:
Ashenzari
Cheibriados
Dithmenos
Elyvilon
Fedhas
Gozag
Hepliaklqana
Kikubaaqudgha
Makhleb
Nemelex Xobeh
Okawaru
Qazlal
Ru
Sif Muna
Trog
Uskayaw
Vehumet
Wu Jian
Xom
Yredelemnul
Zin
The Shining One
Jiyva

Shops:
Orc:2 [=*(   Depths:1 [   Depths:2 (

Portals:
Hell: Lair:5 Depths:1 Depths:2 Depths:3 Depths:4
Abyss: Depths:1 Depths:3
Pandemonium: Depths:2
Ziggurat: Depths:4
Trove: Depths:3 (give horn of Geryon)

Annotations:
Lair:5 3 runed translucent doors, qw's ghost, journeyman GrCA
Swamp:4 1 runed translucent door


Message History

53091 ||| Ran cancellation: false;
53091 ||| Ran drain_life: false
53091 ||| Ran heal_wounds: false;
53091 ||| Ran tomb2_arrival: false
53091 ||| Ran tomb3_arrival: false;
53091 ||| Ran cloud_step: false
53091 ||| Ran trogs_hand: false;
53091 ||| Ran haste: false
53091 ||| Ran resistance: false;
53091 ||| Ran magic_points: false
53091 ||| Ran wait_confusion: false;
53091 ||| Ran heroism: false
53091 ||| Ran try_cleansing_flame: false
53091 ||| Ran brothers_in_arms: false;
53091 ||| Ran greater_servant: false
53091 ||| Ran divine_warrior: false;
53091 ||| Ran try_apocalypse: false
53091 ||| Ran try_slouch: false
53091 ||| Ran try_hydra_destruction: false
53091 ||| Ran grand_finale: false;
53091 ||| Ran wield_weapon: false
53091 ||| Ran swap_weapon: false;
53091 ||| Ran water_step: false
53091 ||| Ran wall_step: false;
53091 ||| Ran zig_fog: false
53091 ||| Ran finesse: false;
53091 ||| Ran fiery_armour: false
53091 ||| Ran try_dig_grate: false;
53091 ||| Ran might: false
53091 ||| Ran blinking: false;
53091 ||| Ran berserk: false
53091 ||| Ran continue_flee: false;
53091 ||| Ran other_step: false
53091 ||| Ran recall: false
53091 ||| Ran try_recall_ancestor: false
53091 ||| Ran try_recite: false;
53091 ||| Ran emergency: false
53091 ||| Ran starting_spell: false;
53091 ||| Ran poison_spit: false You barely miss the shadow dragon.
The shadow dragon is severely wounded.
You slice the war gargoyle!! You slash the titan! You miss the tengu reaver.
53091 ||| Ran melee: true;
53091 ||| Ran attack: nil Your +9 spectral war axe hits the shadow dragon!
Your +9 spectral war axe hits the freezing wraith!!
Your +9 spectral war axe hits the tengu reaver!!
Your +9 spectral war axe hits the war gargoyle but does no damage.
Your +9 spectral war axe hits the titan!
Your +9 spectral war axe completely misses the tengu reaver.
Your +9 spectral war axe hits the shadow dragon but does no damage.
Your +9 spectral war axe hits the war gargoyle!!
Your +9 spectral war axe hits the tengu reaver!!
The tengu reaver hits your +9 spectral war axe with a +3 great sword!!
Your spectral weapon shares its damage with you!
Your +9 spectral war axe disappears.
The war gargoyle hits you with a +2 dire flail of holy wrath!
You die...

....# ....# ....
######################..
C.......................
......D.C).c............
.....W)@Q(.p............
........9..:C.e.......e)
#####################...
...Q... ......e ####C.#
...c# ...(u# ####. #


You could see a shadow dragon, 3 titans, a tengu reaver (unaware), a yaktaur
captain, a deep elf annihilator, a war gargoyle (catching breath), a vault
sentinel and a freezing wraith.

Vanquished Creatures
  Mara (Swamp:4)
  Josephina (Depths:3)
  Boris (4 times) (Vaults:3 Vaults:4 Depths:1 Depths:4)
  Margery (Vaults:4)
  Xtahua (Vaults:3)
  5 caustic shrikes (Depths:4)
  Nikola (Vaults:3)
  Jory (Vaults:3)
  3 doom hounds (Depths:4)
  2 Tzitzimimeh (Depths:4)
  2 tentacled monstrosities (Vaults:5)
  Rupert (D:15)
  3 liches
  Grunn (Depths:4)
  Gastronok (Lair:2)
  2 titans
  5 sphinxes
  2 shadow dragons (Vaults:5)
  4 tengu reavers
  3 thorn hunters
  Kirke (Spider:3)
  4 storm dragons
  4 fenstrider witches
  6 fire giants
  8 frost giants
  2 iron dragons
  2 balrugs
  Louise (D:15)
  7 emperor scorpions
  A draconian scorcher (Depths:4)
  7 ghost moths
  12 vault wardens
  4 spectral caustic shrikes (Depths:3)
  3 orc warlords
  13 ironbound preservers
  14 stone giants
  3 reapers (Depths:4)
  23 very ugly things
  2 spriggan defenders (Depths:1)
  6 ironbound thunderhulks
  4 war gargoyles
  A black draconian (Depths:4)
  A broodmother (Spider:1)
  A vampire knight (Vaults:2)
  3 putrid mouths (Depths:4)
  A purple draconian (Depths:4)
  2 spark wasps (Spider:4)
  5 eleionomae
  23 dire elephants
  Nessos (Lair:3)
  A red draconian (Depths:4)
  A white draconian (Depths:4)
  A deep elf annihilator (Vaults:5)
  10 bunyips
  A minotaur (Gauntlet)
  11 ettins
  A green death (Gauntlet)
  2 crystal guardians
  A merfolk javelineer (Depths:1)
  7 yaktaur captains
  A shambling mangrove (Swamp:4)
  4 entropy weavers
  3 jiangshi (Depths:1)
  2 deep elf high priests
  6 fire dragons
  6 great orbs of eyes
  28 vault guards
  6 ice dragons
  Erolcha (D:12)
  2 ghost crabs (Swamp:2)
  19 hydras
  3 spriggan air magi
  4 ogre magi
  2 catoblepae
  6 peacekeepers
  19 two-headed ogres
  8 ironbound frosthearts
  3 jorogumos
  16 centaur warriors
  6 boulder beetles
  3 death knights
  Erica (Lair:1)
  6 alligators
  7 death scarabs (Spider:4)
  A tengu warrior (Depths:1)
  A titan zombie (Vaults:3)
  2 radroaches
  6 deep troll earth magi
  7 deep troll shamans
  2 orc high priests
  16 death yaks
  A hell hog (Depths:4)
  2 spriggan berserkers
  A vampire mage (Depths:1)
  Urug (Orc:2)
  5 hell knights (Vaults:4)
  2 skysharks
  A sun moth (Spider:2)
  A fire crab (shapeshifter) (Depths:2)
  2 pharaoh ants
  Amaemon (Lair:2)
  9 iron trolls
  14 swamp dragons
  27 deep trolls
  A sixfirhy (Lair:5)
  6 goliath frogs
  9 skeletal warriors
  4 glowing orange brains
  A flayed ghost (Depths:2)
  18 orb spiders
  6 lindwurms
  4 spriggan druids
  5 bog bodies
  5 steelbarb worms
  An orange crystal statue (Depths:1)
  2 spectral wolf spiders (Spider:4)
  18 ironbound convokers
  3 phantasmal warriors
  A broodmother zombie (Spider:4)
  5 necromancers
  10 wizards
  7 harpies
  A spectral jorogumo (Spider:4)
  11 orc knights
  4 will-o-the-wisps
  12 wolf spiders
  A deep elf pyromancer (D:15)
  5 cyclopes
  2 orc sorcerers (Orc:2)
  A frost giant zombie (Vaults:4)
  2 salamanders
  36 ugly things
  3 manticores
  2 human skeletons
  4 moths of wrath
  6 elephants
  A guardian serpent (shapeshifter) (D:15)
  3 black mambas
  5 orange demons
  4 smoke demons
  15 vault sentinels
  3 torpor snails
  14 cane toads
  9 demonic crawlers
  4 gargoyles
  3 centaur skeletons (D:14)
  6 rime drakes
  An unseen horror (D:14)
  A yaktaur (shapeshifter) (Depths:3)
  A redback zombie (Spider:4)
  A tormentor (Depths:4)
  3 human zombies
  A freezing wraith (D:14)
  11 komodo dragons
  A spectral redback (Spider:4)
  35 yaktaurs
  6 meliai
  A red devil (Lair:5)
  5 trolls
  3 ice devils (Lair:5)
  2 polar bears
  A bloated husk (Swamp:4)
  A shadow dragon simulacrum (Depths:3)
  2 spectral tarantellas (Spider:4)
  A hellwing (Lair:5)
  8 tyrant leeches
  30 tarantellas
  14 hornets
  9 blink frogs (Lair:2)
  3 tengu simulacra
  Grinder (D:3)
  3 spectral culicivoras (Spider:4)
  A harpy skeleton (D:14)
  A human simulacrum (Vaults:3)
  A culicivora zombie (Spider:4)
  4 spectral jumping spiders (Spider:4)
  2 tarantella zombies (Spider:4)
  31 slime creatures
  4 dream sheep (Lair:4)
  22 jumping spiders
  26 culicivoras
  39 yaks
  12 water elementals
  16 spriggans
  An ettin skeleton (Vaults:4)
  3 vampires (Vaults:2)
  3 wraiths
  A ynoxinul (Gauntlet)
  5 wyverns
  A human (shapeshifter) (D:13)
  14 vampire mosquitoes
  An elf zombie (Vaults:4)
  7 basilisks
  2 hogs (Spider:4)
  Eustachio (D:5)
  2 humans (Spider:4)
  42 redbacks
  A steam dragon (Lair:1)
  23 swamp worms
  5 wargs
  Menkaure (D:4)
  An acid dragon (D:11)
  3 hell hounds (Lair:5)
  A floating eye (Depths:3)
  An ogre skeleton (Vaults:1)
  17 water moccasins
  48 orc warriors
  A black bear (Lair:1)
  10 boggarts
  2 sky beasts
  2 ice beasts (D:6)
  An elf simulacrum (Vaults:3)
  9 swamp drakes
  6 wolves (Lair:4)
  10 ogres
  14 centaurs
  2 kobold brigands
  6 bullfrogs
  2 gnoll sergeants
  4 scorpions
  2 glowing shapeshifter simulacra (Depths:3)
  A wight (D:8)
  10 killer bees
  A troll skeleton (D:14)
  5 spriggan skeletons (D:14)
  2 electric eels
  3 howler monkeys (D:10)
  9 jellies
  26 orc priests
  4 iguanas
  2 iron imps (Gauntlet)
  2 sleepcaps
  30 orc wizards
  A mummy (D:6)
  17 gnolls
  6 adders
  2 shadow imps
  2 white imps
  3 worms
  4 dart slugs
  72 orcs
  4 ball pythons
  A ball python (shapeshifter) (Vaults:5)
  12 bats
  23 endoplasms
  6 giant cockroaches
  11 goblins
  5 hobgoblins
  5 jackals (D:1)
  7 quokkas
  6 frilled lizards
  2 hobgoblin zombies (D:6)
  18 kobolds
  A kobold zombie (D:6)
  An orc zombie (D:6)
  6 rats
  A fire vortex (Depths:4)
1642 creatures vanquished.

Vanquished Creatures (others)
  2 bloated husks
  A human (D:4)
  12 foxfires
  78 spectral weapons
93 creatures vanquished.

Grand Total: 1735 creatures vanquished

Notes
Turn   | Place    | Note
-------+----------+-------------------------------------------
     0 | D:1      | qw the Gargoyle Fighter began the quest for the Orb.
     0 | D:1      | Reached XP level 1. HP: 14/14 MP: 1/1
     0 | D:1      | 0 ||| qw: Version: 0.2-a-97-g499787f
     0 | D:1      | 0 ||| qw: Game counter: 89
     0 | D:1      | 0 ||| qw: Always use a shield: true
     0 | D:1      | 0 ||| qw: God list: Okawaru
     0 | D:1      | 0 ||| qw: Allow faded altars: false
     0 | D:1      | 0 ||| qw: Do Orc after D:15 true
     0 | D:1      | 0 ||| qw: Do second Lair branch before Depths: true
     0 | D:1      | 0 ||| qw: Lair rune preference: random
     0 | D:1      | 0 ||| qw: Plans: Normal, Zot:1-4, God:TSO, Crypt, Tomb,
                  | Pan, Slime:5, Hells, Abyss, Win
     0 | D:1      | 0 ||| PLANNING D:1-11
    26 | D:1      | 26 ||| Stepping ~*~*~tactically~*~*~ (hiding).
   152 | D:1      | Reached XP level 2. HP: 19/19 MP: 2/2
   195 | D:1      | You fall into a shaft and drop 1 floor!
   232 | D:2      | 232 ||| READING scroll labelled GOWION LESAILA.
   418 | D:1      | Reached skill level 3 in Axes
   509 | D:1      | Reached XP level 3. HP: 23/23 MP: 3/3
   519 | D:1      | 519 ||| Stepping ~*~*~tactically~*~*~ (hiding).
   520 | D:1      | 520 ||| Stepping ~*~*~tactically~*~*~ (hiding).
   521 | D:1      | 521 ||| Stepping ~*~*~tactically~*~*~ (hiding).
   522 | D:1      | 522 ||| Stepping ~*~*~tactically~*~*~ (hiding).
   523 | D:1      | 523 ||| Stepping ~*~*~tactically~*~*~ (hiding).
   916 | D:1      | 916 ||| READING scroll labelled WOTOLA WEMUKE.
   917 | D:1      | 917 ||| READING scroll labelled JISEAGICVA.
  1337 | D:2      | 1337 ||| Stepping ~*~*~tactically~*~*~ (stealth).
  1339 | D:2      | 1339 ||| Stepping ~*~*~tactically~*~*~ (hiding).
  1340 | D:2      | 1340 ||| Stepping ~*~*~tactically~*~*~ (hiding).
  1341 | D:2      | 1341 ||| Stepping ~*~*~tactically~*~*~ (hiding).
  1355 | D:2      | 1355 ||| Stepping ~*~*~tactically~*~*~ (stealth).
  1533 | D:2      | 1533 ||| UPGRADING to +0 ring mail of fire resistance.
  1543 | D:2      | 1543 ||| DROPPING orb of light.
  1544 | D:2      | 1544 ||| READING scroll labelled VIQEELAEMY.
  1545 | D:2      | 1545 ||| DRINKING 3 bubbling orange potions.
  1546 | D:2      | 1546 ||| READING 5 scrolls of identify.
  1546 | D:2      | 1546 ||| IDENTIFYING fuming orange potion
  1557 | D:3      | 1557 ||| STAIRDANCE
  1666 | D:3      | Reached XP level 4. HP: 12/28 MP: 4/4
  1793 | D:3      | Found a faded altar of an unknown god.
  1831 | D:3      | 1831 ||| Stepping ~*~*~tactically~*~*~ (stealth).
  1927 | D:3      | Reached XP level 5. HP: 22/32 MP: 5/5
  2041 | D:3      | 2041 ||| DROPPING +0 club.
  2083 | D:3      | 2083 ||| Stepping ~*~*~tactically~*~*~ (stealth).
  2098 | D:3      | 2098 ||| Stepping ~*~*~tactically~*~*~ (stealth).
  2099 | D:3      | 2099 ||| Stepping ~*~*~tactically~*~*~ (stealth).
  2195 | D:3      | Noticed Grinder
  2201 | D:3      | Paralysed by Grinder for 2 turns
  2203 | D:3      | Killed Grinder
  2204 | D:3      | Reached skill level 6 in Axes
  2204 | D:3      | Reached XP level 6. HP: 27/37 MP: 6/6
  2469 | D:3      | 2469 ||| DROPPING +0 scale mail.
  2470 | D:3      | 2470 ||| UPGRADING to +0 chain mail.
  2480 | D:3      | 2480 ||| UPGRADING to +0 cloak.
  2485 | D:3      | 2485 ||| READING scroll labelled KATROXOZ OKUF.
  2486 | D:3      | 2486 ||| READING scroll labelled CUSCHI XUAGH.
  2489 | D:3      | 2489 ||| DRINKING 2 purple potions.
  2490 | D:3      | 2490 ||| DROPPING potion of degeneration.
  2499 | D:4      | 2499 ||| STAIRDANCE
  2582 | D:4      | 2582 ||| Stepping ~*~*~tactically~*~*~ (hiding).
  2603 | D:4      | 2603 ||| READING scroll of enchant weapon.
  2603 | D:4      | 2603 ||| ENCHANTING +1 war axe.
  2756 | D:4      | Reached skill level 4 in Fighting
  2878 | D:4      | 2878 ||| Stepping ~*~*~tactically~*~*~ (hiding).
  2881 | D:4      | 2881 ||| Stepping ~*~*~tactically~*~*~ (hiding).
  3077 | D:4      | Reached XP level 7. HP: 43/43 MP: 7/7
  3100 | D:4      | 3100 ||| Stepping ~*~*~tactically~*~*~ (hiding).
  3107 | D:4      | Reached skill level 1 in Dodging
  3222 | D:4      | 3222 ||| DROPPING +0 whip.
  3245 | D:4      | Found an ancient bone altar of Kikubaaqudgha.
  3248 | D:4      | Noticed a human
  3254 | D:4      | Killed a human
  3293 | D:4      | 3293 ||| UPGRADING to amulet of the acrobat.
  3309 | D:5      | Entered Level 5 of the Dungeon
  3309 | D:5      | Noticed Menkaure
  3315 | D:5      | 3315 ||| STAIRDANCE
  3322 | D:4      | Killed Menkaure
  3374 | D:5      | 3374 ||| STAIRDANCE
  3574 | D:5      | Noticed Eustachio
  3602 | D:5      | Killed Eustachio
  3603 | D:5      | Reached skill level 5 in Fighting
  3603 | D:5      | Reached XP level 8. HP: 29/50 MP: 8/8
  3630 | D:5      | Reached skill level 1 in Throwing
  3765 | D:5      | Found a staircase to the Ecumenical Temple.
  3766 | D:5      | 3766 ||| PLANNING TEMPLE
  3766 | D:5      | 3766 ||| DROPPING +1 ring mail of positive energy.
  3767 | D:5      | 3767 ||| DROPPING ring of magical power.
  3768 | D:5      | 3768 ||| READING 6 scrolls of identify.
  3768 | D:5      | 3768 ||| IDENTIFYING bubbling black potion
  3769 | D:5      | 3769 ||| READING 5 scrolls of identify.
  3769 | D:5      | 3769 ||| IDENTIFYING golden potion
  3770 | D:5      | 3770 ||| READING 4 scrolls of identify.
  3770 | D:5      | 3770 ||| IDENTIFYING bubbling green potion
  3771 | D:5      | 3771 ||| DROPPING potion of brilliance.
  3780 | Temple   | Entered the Ecumenical Temple
  3786 | Temple   | 3786 ||| PLANNING OKAWARU WORSHIP
  3823 | Temple   | Became a worshipper of Warmaster Okawaru
  3823 | Temple   | 3823 ||| PLANNING D:1-11
  3859 | D:5      | Found a snail-covered altar of Cheibriados.
  4010 | D:5      | 4010 ||| READING scroll labelled IDI WYXZUDGHU.
  4021 | D:6      | 4021 ||| STAIRDANCE
  4162 | D:6      | 4162 ||| Stepping ~*~*~tactically~*~*~ (stealth).
  4164 | D:6      | 4164 ||| Stepping ~*~*~tactically~*~*~ (hiding).
  4306 | D:6      | Reached skill level 6 in Fighting
  4777 | D:6      | Reached * piety under Okawaru
  4785 | D:6      | Reached skill level 1 in Invocations
  4788 | D:6      | 4788 ||| Stepping ~*~*~tactically~*~*~ (stealth).
  4799 | D:6      | 4799 ||| Stepping ~*~*~tactically~*~*~ (stealth).
  4849 | D:6      | 4849 ||| Stepping ~*~*~tactically~*~*~ (stealth).
  5190 | D:6      | 5190 ||| UPGRADING to amulet of regeneration.
  5200 | D:6      | 5200 ||| DROPPING amulet of the acrobat.
  5201 | D:6      | 5201 ||| READING scroll labelled DEGYMURHON.
  5202 | D:6      | 5202 ||| READING scroll labelled LITSEG AHIJIA.
  5203 | D:6      | 5203 ||| READING scroll labelled GUMODI YCUNWO.
  5225 | D:7      | 5225 ||| Stepping ~*~*~tactically~*~*~ (stealth).
  5227 | D:7      | 5227 ||| Stepping ~*~*~tactically~*~*~ (hiding).
  5228 | D:7      | 5228 ||| Stepping ~*~*~tactically~*~*~ (hiding).
  5230 | D:7      | 5230 ||| Stepping ~*~*~tactically~*~*~ (hiding).
  5231 | D:7      | 5231 ||| Stepping ~*~*~tactically~*~*~ (hiding).
  5232 | D:7      | 5232 ||| Stepping ~*~*~tactically~*~*~ (hiding).
  5233 | D:7      | 5233 ||| Stepping ~*~*~tactically~*~*~ (hiding).
  5237 | D:7      | Reached XP level 9. HP: 55/55 MP: 10/10
  5257 | D:7      | 5257 ||| INVOKING Heroism.
  5258 | D:7      | 5258 ||| INVOKING Heroism.
  5270 | D:7      | Reached skill level 3 in Invocations
  5272 | D:7      | 5272 ||| INVOKING Heroism.
  5277 | D:7      | Reached skill level 9 in Axes
  5286 | D:7      | 5286 ||| Stepping ~*~*~tactically~*~*~ (stealth).
  5349 | D:7      | 5349 ||| INVOKING Heroism.
  5388 | D:7      | 5388 ||| Stepping ~*~*~tactically~*~*~ (stealth).
  5390 | D:7      | 5390 ||| Stepping ~*~*~tactically~*~*~ (hiding).
  5394 | D:7      | 5394 ||| Stepping ~*~*~tactically~*~*~ (hiding).
  5395 | D:7      | 5395 ||| Stepping ~*~*~tactically~*~*~ (hiding).
  5396 | D:7      | 5396 ||| Stepping ~*~*~tactically~*~*~ (hiding).
  5397 | D:7      | 5397 ||| Stepping ~*~*~tactically~*~*~ (stealth).
  5398 | D:7      | 5398 ||| Stepping ~*~*~tactically~*~*~ (stealth).
  5741 | D:7      | 5741 ||| UPGRADING to +0 plate armour.
  5751 | D:7      | 5751 ||| DROPPING +0 ring mail of fire resistance.
  5752 | D:7      | 5752 ||| DROPPING +0 chain mail.
  5753 | D:7      | 5753 ||| READING 5 scrolls of identify.
  5753 | D:7      | 5753 ||| IDENTIFYING viscous sapphire potion
  5754 | D:7      | 5754 ||| DROPPING potion of invisibility.
  5796 | D:8      | 5796 ||| Stepping ~*~*~tactically~*~*~ (hiding).
  6007 | D:8      | 6007 ||| Stepping ~*~*~tactically~*~*~ (hiding).
  6064 | D:8      | 6064 ||| INVOKING Heroism.
  6074 | D:8      | Reached skill level 7 in Fighting
  6086 | D:8      | 6086 ||| INVOKING Heroism.
  6113 | D:8      | 6113 ||| Stepping ~*~*~tactically~*~*~ (hiding).
  6119 | D:8      | 6119 ||| INVOKING Heroism.
  6142 | D:8      | Reached skill level 6 in Armour
  6142 | D:8      | 6142 ||| Stepping ~*~*~tactically~*~*~ (stealth).
  6144 | D:8      | 6144 ||| Stepping ~*~*~tactically~*~*~ (hiding).
  6172 | D:8      | Reached ** piety under Okawaru
  6346 | D:8      | Reached XP level 10. HP: 56/63 MP: 13/13
  6488 | D:8      | 6488 ||| Stepping ~*~*~tactically~*~*~ (hiding).
  6595 | D:8      | Found a staircase to the Lair.
  6649 | D:8      | 6649 ||| Stepping ~*~*~tactically~*~*~ (hiding).
  6651 | D:8      | 6651 ||| Stepping ~*~*~tactically~*~*~ (stealth).
  6663 | D:8      | 6663 ||| Stepping randomly (disturbance).
  6694 | D:8      | 6694 ||| PLANNING LAIR
  6694 | D:8      | 6694 ||| UPGRADING to +0 helmet.
  6699 | D:8      | 6699 ||| READING 4 scrolls of identify.
  6699 | D:8      | 6699 ||| IDENTIFYING amethyst potion
  6700 | D:8      | 6700 ||| READING 3 scrolls of identify.
  6700 | D:8      | 6700 ||| IDENTIFYING fizzy orange potion
  6766 | Lair:1   | Entered Level 1 of the Lair of Beasts
  6767 | Lair:1   | 6767 ||| INVOKING Heroism.
  6770 | Lair:1   | Noticed a cane toad
  6771 | Lair:1   | 6771 ||| Stepping ~*~*~tactically~*~*~ (stealth).
  6773 | Lair:1   | Noticed a cane toad
  6780 | Lair:1   | Killed a cane toad
  6781 | Lair:1   | Reached skill level 8 in Fighting
  6781 | Lair:1   | 6781 ||| INVOKING Heroism.
  6786 | Lair:1   | Killed a cane toad
  6786 | Lair:1   | Reached *** piety under Okawaru
  6850 | Lair:1   | Noticed Erica
  6851 | Lair:1   | 6851 ||| INVOKING Heroism.
  6858 | Lair:1   | Killed Erica
  6935 | Lair:1   | 6935 ||| INVOKING Heroism.
  6962 | Lair:1   | 6962 ||| Stepping ~*~*~tactically~*~*~ (stealth).
  6977 | Lair:1   | Reached **** piety under Okawaru
  6978 | Lair:1   | 6978 ||| INVOKING Heroism.
  7024 | Lair:1   | 7024 ||| INVOKING Heroism.
  7031 | Lair:1   | Reached XP level 11. HP: 65/68 MP: 11/14
  7056 | Lair:1   | 7056 ||| INVOKING Heroism.
  7072 | Lair:1   | 7072 ||| Stepping ~*~*~tactically~*~*~ (cloud).
  7073 | Lair:1   | 7073 ||| Stepping ~*~*~tactically~*~*~ (cloud).
  7084 | Lair:1   | Reached skill level 9 in Fighting
  7134 | Lair:1   | 7134 ||| READING scroll of enchant weapon.
  7134 | Lair:1   | 7134 ||| ENCHANTING +2 spectral war axe.
  7333 | Lair:1   | 7333 ||| READING scroll of enchant weapon.
  7333 | Lair:1   | 7333 ||| ENCHANTING +3 spectral war axe.
  7537 | Lair:1   | 7537 ||| READING scroll labelled UTUATO HUIROU.
  7586 | Lair:2   | 7586 ||| INVOKING Heroism.
  7617 | Lair:2   | 7617 ||| INVOKING Heroism.
  7663 | Lair:2   | 7663 ||| INVOKING Heroism.
  7669 | Lair:2   | Reached skill level 6 in Invocations
  7696 | Lair:2   | 7696 ||| Stepping ~*~*~tactically~*~*~ (hiding).
  7705 | Lair:2   | Noticed Amaemon
  7706 | Lair:2   | 7706 ||| INVOKING Heroism.
  7720 | Lair:2   | Killed Amaemon
  7720 | Lair:2   | Received a gift from Okawaru
  7725 | Lair:2   | Reached ***** piety under Okawaru
  7735 | Lair:2   | 7735 ||| DROPPING +0 flail.
  7807 | Lair:2   | Reached skill level 12 in Axes
  7808 | Lair:2   | Reached skill level 6 in Shields
  7832 | Lair:2   | 7832 ||| READING scroll of enchant weapon.
  7832 | Lair:2   | 7832 ||| ENCHANTING +4 spectral war axe.
  7848 | Lair:2   | 7848 ||| INVOKING Heroism.
  7969 | Lair:2   | Noticed Gastronok
  7970 | Lair:2   | 7970 ||| INVOKING Heroism.
  7979 | Lair:2   | Killed Gastronok
  7980 | Lair:2   | Reached skill level 3 in Throwing
  7980 | Lair:2   | Reached XP level 12. HP: 63/76 MP: 16/18
  8027 | Lair:2   | 8027 ||| INVOKING Heroism.
  8091 | Lair:2   | 8091 ||| Stepping ~*~*~tactically~*~*~ (hiding).
  8092 | Lair:2   | 8092 ||| Stepping ~*~*~tactically~*~*~ (hiding).
  8441 | Lair:2   | 8441 ||| INVOKING Heroism.
  8448 | Lair:2   | Reached skill level 9 in Invocations
  8570 | Lair:2   | 8570 ||| DRINKING 2 fuming clear potions.
  8657 | Lair:3   | 8657 ||| Stepping ~*~*~tactically~*~*~ (hiding).
  8677 | Lair:3   | Noticed a death yak
  8678 | Lair:3   | 8678 ||| Stepping ~*~*~tactically~*~*~ (stealth).
  8680 | Lair:3   | Noticed a death yak
  8680 | Lair:3   | Noticed a death yak
  8680 | Lair:3   | Noticed a death yak
  8680 | Lair:3   | Noticed a death yak
  8680 | Lair:3   | Noticed a death yak
  8681 | Lair:3   | 8681 ||| INVOKING Heroism.
  8684 | Lair:3   | Killed a death yak
  8685 | Lair:3   | 8685 ||| INVOKING Finesse.
  8687 | Lair:3   | Killed a death yak
  8688 | Lair:3   | Killed a death yak
  8689 | Lair:3   | Reached skill level 9 in Armour
  8694 | Lair:3   | Killed a death yak
  8695 | Lair:3   | Killed a death yak
  8695 | Lair:3   | Received a gift from Okawaru
  8695 | Lair:3   | Killed a death yak
  8759 | Lair:3   | 8759 ||| INVOKING Heroism.
  8780 | Lair:3   | Noticed a five-headed hydra
  8781 | Lair:3   | 8781 ||| INVOKING Finesse.
  8788 | Lair:3   | 8788 ||| SWAPPING to +1 demon whip of venom.
  8789 | Lair:3   | Killed a five-headed hydra
  8790 | Lair:3   | Reached skill level 10 in Fighting
  8790 | Lair:3   | 8790 ||| SWAPPING to +5 spectral war axe.
  8918 | Lair:3   | Noticed Nessos
  8919 | Lair:3   | 8919 ||| Stepping ~*~*~tactically~*~*~ (hiding).
  8920 | Lair:3   | 8920 ||| INVOKING Finesse.
  8922 | Lair:3   | 8922 ||| Stepping ~*~*~tactically~*~*~ (hiding).
  8924 | Lair:3   | 8924 ||| Stepping ~*~*~tactically~*~*~ (hiding).
  8928 | Lair:3   | 8928 ||| INVOKING Heroism.
  8938 | Lair:3   | Killed Nessos
  9129 | Lair:3   | Found a staircase to the Swamp.
  9223 | Lair:3   | 9223 ||| INVOKING Heroism.
  9228 | Lair:3   | 9228 ||| DROPPING amulet of guardian spirit.
  9239 | Lair:3   | 9239 ||| READING scroll labelled LEYSKULODU.
  9247 | Lair:3   | 9247 ||| INVOKING Heroism.
  9251 | Lair:3   | 9251 ||| READING 7 scrolls of identify.
  9251 | Lair:3   | 9251 ||| IDENTIFYING orange potion
  9261 | Lair:3   | HP: 13/77 [redback (12)]
  9262 | Lair:3   | 9262 ||| READING 3 scrolls of teleportation.
  9263 | Lair:3   | 9263 ||| DRINKING 5 potions of heal wounds.
  9267 | Lair:3   | Found a hole to the Spider Nest.
  9546 | Lair:3   | Reached XP level 13. HP: 82/82 MP: 20/20
  9562 | Lair:3   | 9562 ||| INVOKING Heroism.
  9619 | Lair:3   | 9619 ||| DROPPING +6 ring of intelligence.
  9629 | Lair:3   | 9629 ||| INVOKING Heroism.
  9665 | Lair:3   | 9665 ||| INVOKING Heroism.
  9674 | Lair:3   | HP: 19/82 [redback (11)]
  9675 | Lair:3   | 9675 ||| READING 2 scrolls of teleportation.
  9676 | Lair:3   | 9676 ||| DRINKING 4 potions of heal wounds.
  9844 | Lair:3   | 9844 ||| Stepping ~*~*~tactically~*~*~ (stealth).
  9910 | Lair:4   | 9910 ||| PLANNING GAUNTLET
  9923 | Lair:4   | 9923 ||| INVOKING Heroism.
 10041 | Lair:4   | 10041 ||| INVOKING Heroism.
 10044 | Lair:4   | 10044 ||| Stepping ~*~*~tactically~*~*~ (stealth).
 10046 | Lair:4   | 10046 ||| SWAPPING to +1 demon whip of venom.
 10055 | Lair:4   | 10055 ||| SWAPPING to +5 spectral war axe.
 10069 | Lair:4   | 10069 ||| INVOKING Finesse.
 10074 | Lair:4   | Received a gift from Okawaru
 10079 | Lair:4   | 10079 ||| INVOKING Heroism.
 10103 | Lair:4   | Received a gift from Okawaru
 10304 | Lair:4   | Found a gate leading to a gauntlet.
 10305 | Lair:4   | 10305 ||| READING 2 scrolls labelled JOSANG GANEPEO.
 10306 | Lair:4   | 10306 ||| READING scroll of enchant armour.
 10306 | Lair:4   | 10306 ||| ENCHANTING +0 helmet.
 10315 | Gauntlet | Entered a Gauntlet
 10315 | Gauntlet | Found a transporter.
 10315 | Gauntlet | Found a runed translucent door.
 10315 | Gauntlet | Found a transporter.
 10323 | Gauntlet | Found a transporter.
 10327 | Gauntlet | Found a transporter.
 10335 | Gauntlet | Found a transporter.
 10339 | Gauntlet | Found a transporter.
 10341 | Gauntlet | Noticed a quicksilver ooze
 10347 | Gauntlet | Found a transporter.
 10360 | Gauntlet | Noticed a green death
 10364 | Gauntlet | Found a transporter.
 10379 | Gauntlet | Found a transporter.
 10383 | Gauntlet | Found a transporter.
 10391 | Gauntlet | Found a transporter.
 10395 | Gauntlet | Found a transporter.
 10397 | Gauntlet | Found a runed translucent door.
 10504 | Gauntlet | 10504 ||| INVOKING Heroism.
 10505 | Gauntlet | 10505 ||| INVOKING Finesse.
 10556 | Gauntlet | 10556 ||| UPGRADING to +0 pair of boots of rampaging.
 10579 | Gauntlet | Identified the +2 cloak of Reason {rElec rF+}
 10582 | Gauntlet | 10582 ||| UPGRADING to +2 cloak of Reason {rElec rF+}.
 10592 | Gauntlet | 10592 ||| DROPPING +0 cloak.
 10593 | Gauntlet | 10593 ||| READING scroll labelled HANYCLOROL.
 10593 | Gauntlet | Identified a scroll of acquirement
 10593 | Gauntlet | 10593 ||| ACQUIRING ring "Geont" {Str+6 Slay+3}
 10593 | Gauntlet | Acquired the ring "Geont" {Str+6 Slay+3}
 10608 | Gauntlet | 10608 ||| INVOKING Heroism.
 10615 | Gauntlet | Killed a green death
 10650 | Gauntlet | Identified the +1 scale mail of Fallacy {rPois Will+ Str+4
                  | SInv}
 10652 | Gauntlet | 10652 ||| UPGRADING to +1 scale mail of Fallacy {rPois
                  | Will+ Str+4 SInv}.
 10662 | Gauntlet | 10662 ||| UPGRADING to ring "Geont" {Str+6 Slay+3}.
 10664 | Gauntlet | Noticed a minotaur
 10665 | Gauntlet | 10665 ||| Stepping ~*~*~tactically~*~*~ (hiding).
 10666 | Gauntlet | 10666 ||| Stepping ~*~*~tactically~*~*~ (hiding).
 10667 | Gauntlet | 10667 ||| Stepping ~*~*~tactically~*~*~ (hiding).
 10669 | Gauntlet | 10669 ||| INVOKING Heroism.
 10674 | Gauntlet | Killed a minotaur
 10728 | Gauntlet | 10728 ||| DROPPING +1 demon whip of venom.
 10790 | Gauntlet | 10790 ||| UPGRADING to +6 ring of dexterity.
 10806 | Lair:4   | 10806 ||| PLANNING LAIR
 10880 | Lair:4   | 10880 ||| Stepping ~*~*~tactically~*~*~ (stealth).
 10882 | Lair:4   | 10882 ||| Stepping ~*~*~tactically~*~*~ (stealth).
 11102 | Lair:4   | 11102 ||| READING 7 scrolls of identify.
 11102 | Lair:4   | 11102 ||| IDENTIFYING murky grey potion
 11103 | Lair:4   | 11103 ||| DROPPING potion of flight.
 11122 | Lair:5   | Entered Level 5 of the Lair of Beasts
 11123 | Lair:5   | 11123 ||| INVOKING Heroism.
 11127 | Lair:5   | Reached skill level 3 in Dodging
 11229 | Lair:5   | 11229 ||| INVOKING Heroism.
 11250 | Lair:5   | 11250 ||| INVOKING Finesse.
 11255 | Lair:5   | Reached skill level 11 in Fighting
 11314 | Lair:5   | Gained mutation: Your large and strong wings let you fly.
                  | [Gargoyle growth]
 11314 | Lair:5   | Reached XP level 14. HP: 90/90 MP: 21/21
 11327 | Lair:5   | 11327 ||| INVOKING Heroism.
 11361 | Lair:5   | 11361 ||| Stepping ~*~*~tactically~*~*~ (stealth).
 11363 | Lair:5   | 11363 ||| Stepping ~*~*~tactically~*~*~ (stealth).
 11366 | Lair:5   | 11366 ||| Stepping ~*~*~tactically~*~*~ (hiding).
 11370 | Lair:5   | Received a gift from Okawaru
 11427 | Lair:5   | 11427 ||| Stepping ~*~*~tactically~*~*~ (stealth).
 11460 | Lair:5   | 11460 ||| Stepping ~*~*~tactically~*~*~ (hiding).
 11573 | Lair:5   | 11573 ||| Stepping ~*~*~tactically~*~*~ (hiding).
 11576 | Lair:5   | 11576 ||| Stepping ~*~*~tactically~*~*~ (hiding).
 11707 | Lair:5   | Reached skill level 6 in Throwing
 11725 | Lair:5   | Found a burning altar of Makhleb.
 11726 | Lair:5   | 11726 ||| Stepping ~*~*~tactically~*~*~ (hiding).
 11728 | Lair:5   | 11728 ||| Stepping ~*~*~tactically~*~*~ (stealth).
 11730 | Lair:5   | 11730 ||| INVOKING Heroism.
 11776 | Lair:5   | Found a gateway to Hell.
 11848 | Lair:5   | 11848 ||| INVOKING Heroism.
 11849 | Lair:5   | 11849 ||| INVOKING Finesse.
 11981 | Lair:5   | Reached skill level 15 in Axes
 11985 | Lair:5   | Found a runed translucent gate.
 11985 | Lair:5   | Found a runed translucent gate.
 11985 | Lair:5   | Found a runed translucent gate.
 11986 | Lair:5   | Noticed qw's ghost (journeyman GrCA)
 12226 | Lair:5   | Found a staircase to the Slime Pits.
 12226 | Lair:5   | Found a viscous altar of Jiyva.
 12395 | Lair:5   | Noticed a dire elephant
 12396 | Lair:5   | 12396 ||| INVOKING Heroism.
 12403 | Lair:5   | Killed a dire elephant
 12584 | Lair:5   | 12584 ||| PLANNING D:1-11
 12584 | Lair:5   | 12584 ||| READING 2 scrolls labelled EBASSETTUF.
 12585 | Lair:5   | 12585 ||| READING 7 scrolls of identify.
 12585 | Lair:5   | 12585 ||| IDENTIFYING bubbling cyan potion
 12586 | Lair:5   | 12586 ||| READING 6 scrolls of identify.
 12586 | Lair:5   | 12586 ||| IDENTIFYING pink potion
 12587 | Lair:5   | 12587 ||| DROPPING potion of berserk rage.
 12588 | Lair:5   | 12588 ||| DROPPING scroll of fear.
 12744 | D:9      | 12744 ||| Stepping ~*~*~tactically~*~*~ (stealth).
 12745 | D:9      | 12745 ||| Stepping ~*~*~tactically~*~*~ (stealth).
 12817 | D:9      | Found a hide-covered altar of Uskayaw.
 12823 | D:9      | Found a glowing silver altar of Zin.
 12901 | D:9      | Found a stormy altar of Qazlal.
 13166 | D:9      | 13166 ||| Stepping ~*~*~tactically~*~*~ (stealth).
 13171 | D:9      | 13171 ||| Stepping ~*~*~tactically~*~*~ (stealth).
 13469 | D:9      | 13469 ||| Stepping ~*~*~tactically~*~*~ (hiding).
 13470 | D:9      | 13470 ||| Stepping ~*~*~tactically~*~*~ (hiding).
 13545 | D:9      | 13545 ||| READING 5 scrolls of identify.
 13545 | D:9      | 13545 ||| IDENTIFYING fizzy blue potion
 13546 | D:9      | 13546 ||| DROPPING potion of ambrosia.
 13571 | D:10     | Entered Level 10 of the Dungeon
 13573 | D:10     | 13573 ||| Stepping ~*~*~tactically~*~*~ (hiding).
 13575 | D:10     | 13575 ||| Stepping ~*~*~tactically~*~*~ (hiding).
 13577 | D:10     | 13577 ||| Stepping ~*~*~tactically~*~*~ (hiding).
 13579 | D:10     | 13579 ||| Stepping ~*~*~tactically~*~*~ (hiding).
 13657 | D:10     | 13657 ||| Stepping ~*~*~tactically~*~*~ (stealth).
 13661 | D:10     | 13661 ||| Stepping ~*~*~tactically~*~*~ (stealth).
 13664 | D:10     | 13664 ||| Stepping ~*~*~tactically~*~*~ (hiding).
 13666 | D:10     | 13666 ||| Stepping ~*~*~tactically~*~*~ (hiding).
 13679 | D:10     | 13679 ||| Stepping ~*~*~tactically~*~*~ (hiding).
 13684 | D:10     | 13684 ||| Stepping ~*~*~tactically~*~*~ (hiding).
 13689 | D:10     | 13689 ||| Stepping ~*~*~tactically~*~*~ (stealth).
 13693 | D:10     | 13693 ||| Stepping ~*~*~tactically~*~*~ (stealth).
 13698 | D:10     | 13698 ||| Stepping ~*~*~tactically~*~*~ (stealth).
 13723 | D:10     | 13723 ||| Stepping ~*~*~tactically~*~*~ (stealth).
 13726 | D:10     | 13726 ||| Stepping ~*~*~tactically~*~*~ (stealth).
 13728 | D:10     | 13728 ||| Stepping ~*~*~tactically~*~*~ (stealth).
 13729 | D:10     | 13729 ||| Stepping ~*~*~tactically~*~*~ (stealth).
 13737 | D:10     | Received a gift from Okawaru
 13763 | D:10     | Found a staircase to the Orcish Mines.
 13806 | D:10     | 13806 ||| Stepping ~*~*~tactically~*~*~ (stealth).
 13807 | D:10     | 13807 ||| Stepping ~*~*~tactically~*~*~ (stealth).
 13808 | D:10     | 13808 ||| Stepping ~*~*~tactically~*~*~ (stealth).
 13809 | D:10     | 13809 ||| Stepping ~*~*~tactically~*~*~ (stealth).
 13820 | D:10     | 13820 ||| Stepping ~*~*~tactically~*~*~ (stealth).
 13885 | D:10     | 13885 ||| Stepping ~*~*~tactically~*~*~ (stealth).
 13917 | D:10     | Found a sacrificial altar of Ru.
 13936 | D:10     | 13936 ||| Stepping ~*~*~tactically~*~*~ (stealth).
 14204 | D:10     | Reached skill level 12 in Fighting
 14223 | D:10     | Found a shimmering altar of Xom.
 14360 | D:10     | Found an ornate altar of the Wu Jian Council.
 15028 | D:11     | 15028 ||| INVOKING Heroism.
 15029 | D:11     | 15029 ||| INVOKING Finesse.
 15138 | D:11     | 15138 ||| DRINKING 9 potions of curing.
 15138 | D:11     | 15138 ||| (to cure confusion)
 15256 | D:11     | 15256 ||| PLANNING D
 15256 | D:11     | 15256 ||| UPGRADING to +4 ring of protection.
 15258 | D:11     | 15258 ||| DROPPING ring of see invisible.
 15259 | D:11     | 15259 ||| DROPPING +6 ring of dexterity.
 15348 | D:12     | 15348 ||| INVOKING Heroism.
 15404 | D:12     | 15404 ||| INVOKING Heroism.
 15510 | D:12     | Found a hide-covered altar of Uskayaw.
 15512 | D:12     | Received a gift from Okawaru
 15641 | D:12     | 15641 ||| INVOKING Heroism.
 15678 | D:12     | 15678 ||| Stepping ~*~*~tactically~*~*~ (stealth).
 15680 | D:12     | 15680 ||| Stepping ~*~*~tactically~*~*~ (hiding).
 15707 | D:12     | Reached XP level 15. HP: 96/96 MP: 22/22
 15715 | D:12     | Noticed Erolcha
 15719 | D:12     | Killed Erolcha
 15958 | D:12     | 15958 ||| UPGRADING to +0 pair of gloves.
 15963 | D:12     | 15963 ||| READING scroll labelled EDGHOG WOUQIERI.
 16036 | D:13     | 16036 ||| INVOKING Heroism.
 16037 | D:13     | 16037 ||| INVOKING Finesse.
 16041 | D:13     | 16041 ||| SWAPPING to +2 hand axe of flaming.
 16048 | D:13     | 16048 ||| SWAPPING to +5 spectral war axe.
 16116 | D:13     | 16116 ||| Stepping ~*~*~tactically~*~*~ (stealth).
 16118 | D:13     | 16118 ||| Stepping ~*~*~tactically~*~*~ (stealth).
 16126 | D:13     | 16126 ||| Stepping ~*~*~tactically~*~*~ (hiding).
 16183 | D:13     | 16183 ||| Stepping ~*~*~tactically~*~*~ (hiding).
 16191 | D:13     | 16191 ||| INVOKING Heroism.
 16243 | D:13     | 16243 ||| Stepping ~*~*~tactically~*~*~ (stealth).
 16245 | D:13     | 16245 ||| Stepping ~*~*~tactically~*~*~ (hiding).
 16250 | D:13     | Reached skill level 13 in Fighting
 16250 | D:13     | 16250 ||| Stepping ~*~*~tactically~*~*~ (hiding).
 16251 | D:13     | 16251 ||| Stepping ~*~*~tactically~*~*~ (hiding).
 16252 | D:13     | 16252 ||| Stepping ~*~*~tactically~*~*~ (hiding).
 16325 | D:13     | 16325 ||| Stepping ~*~*~tactically~*~*~ (stealth).
 16569 | D:14     | 16569 ||| Stepping ~*~*~tactically~*~*~ (hiding).
 16572 | D:14     | 16572 ||| INVOKING Heroism.
 16575 | D:14     | 16575 ||| Stepping ~*~*~tactically~*~*~ (hiding).
 16580 | D:14     | Reached skill level 9 in Shields
 16581 | D:14     | HP: 24/98 [yaktaur/bolt (8)]
 16582 | D:14     | 16582 ||| READING 6 scrolls of teleportation.
 16583 | D:14     | 16583 ||| DRINKING 7 potions of heal wounds.
 16584 | D:14     | 16584 ||| DRINKING 6 potions of heal wounds.
 16593 | D:14     | HP: 19/98 [skeletal warrior/+0 war axe (16)]
 16594 | D:14     | 16594 ||| READING 5 scrolls of teleportation.
 16594 | D:14     | HP: 9/98 [skeletal warrior/+0 hand axe (2)]
 16595 | D:14     | 16595 ||| DRINKING 5 potions of heal wounds.
 16599 | D:14     | 16599 ||| INVOKING Heroism.
 16602 | D:14     | 16602 ||| INVOKING Finesse.
 16615 | D:14     | Received a gift from Okawaru
 16623 | D:14     | HP: 23/100 [skeletal warrior/+0 scimitar (11)]
 16624 | D:14     | 16624 ||| READING 4 scrolls of teleportation.
 16625 | D:14     | 16625 ||| DRINKING 4 potions of heal wounds.
 16626 | D:14     | 16626 ||| DRINKING 3 potions of heal wounds.
 16648 | D:14     | 16648 ||| Stepping ~*~*~tactically~*~*~ (hiding).
 16654 | D:14     | Reached skill level 14 in Fighting
 16658 | D:14     | 16658 ||| INVOKING Heroism.
 16694 | D:14     | Found a gate to the Vaults.
 16808 | D:14     | 16808 ||| Stepping ~*~*~tactically~*~*~ (hiding).
 16812 | D:14     | 16812 ||| INVOKING Heroism.
 16828 | D:14     | Received a gift from Okawaru
 16848 | D:14     | Reached skill level 15 in Fighting
 16880 | D:14     | 16880 ||| DROPPING +5 broad axe of electrocution.
 17154 | D:14     | Received a gift from Okawaru
 17187 | D:14     | 17187 ||| INVOKING Heroism.
 17188 | D:14     | 17188 ||| INVOKING Finesse.
 17264 | D:15     | Entered Level 15 of the Dungeon
 17276 | D:15     | 17276 ||| READING scroll of enchant weapon.
 17276 | D:15     | 17276 ||| ENCHANTING +5 spectral war axe.
 17293 | D:15     | 17293 ||| INVOKING Heroism.
 17595 | D:15     | 17595 ||| Stepping ~*~*~tactically~*~*~ (hiding).
 17601 | D:15     | 17601 ||| INVOKING Heroism.
 17655 | D:15     | Noticed Louise
 17656 | D:15     | 17656 ||| INVOKING Finesse.
 17665 | D:15     | Killed Louise
 17672 | D:15     | Reached XP level 16. HP: 108/108 MP: 18/23
 17672 | D:15     | 17672 ||| INVOKING Heroism.
 17768 | D:15     | 17768 ||| INVOKING Heroism.
 17769 | D:15     | 17769 ||| INVOKING Finesse.
 17771 | D:15     | 17771 ||| SWAPPING to +2 hand axe of flaming.
 17780 | D:15     | 17780 ||| SWAPPING to +6 spectral war axe.
 17817 | D:15     | Found a staircase to the Depths.
 17819 | D:15     | 17819 ||| Stepping ~*~*~tactically~*~*~ (stealth).
 17821 | D:15     | 17821 ||| Stepping ~*~*~tactically~*~*~ (hiding).
 17993 | D:15     | Noticed Rupert
 17994 | D:15     | 17994 ||| INVOKING Heroism.
 17995 | D:15     | 17995 ||| INVOKING Finesse.
 18001 | D:15     | Killed Rupert
 18036 | D:15     | 18036 ||| INVOKING Heroism.
 18042 | D:15     | 18042 ||| UPGRADING to +0 tower shield.
 18052 | D:15     | 18052 ||| UPGRADING to +0 tower shield.
 18062 | D:15     | 18062 ||| DROPPING +0 buckler.
 18131 | D:15     | 18131 ||| INVOKING Heroism.
 18152 | D:15     | 18152 ||| PLANNING ORC
 18271 | Orc:1    | Entered Level 1 of the Orcish Mines
 18340 | Orc:1    | 18340 ||| Stepping ~*~*~tactically~*~*~ (hiding).
 18341 | Orc:1    | 18341 ||| Stepping ~*~*~tactically~*~*~ (hiding).
 18430 | Orc:2    | Entered Level 2 of the Orcish Mines
 18430 | Orc:2    | Found a staircase to the Elven Halls.
 18441 | Orc:2    | 18441 ||| Stepping ~*~*~tactically~*~*~ (hiding).
 18464 | Orc:2    | 18464 ||| DROPPING +2 hand axe of flaming.
 18488 | Orc:2    | 18488 ||| Stepping ~*~*~tactically~*~*~ (stealth).
 18490 | Orc:2    | 18490 ||| Stepping ~*~*~tactically~*~*~ (hiding).
 18499 | Orc:2    | 18499 ||| INVOKING Heroism.
 18521 | Orc:2    | Received a gift from Okawaru
 18607 | Orc:2    | 18607 ||| DROPPING +0 plate armour.
 18608 | Orc:2    | 18608 ||| UPGRADING to +2 plate armour of poison
                  | resistance.
 18618 | Orc:2    | 18618 ||| DROPPING +1 scale mail of Fallacy {rPois Will+
                  | Str+4 SInv}.
 18651 | Orc:1    | 18651 ||| Stepping ~*~*~tactically~*~*~ (stealth).
 18654 | Orc:1    | 18654 ||| Stepping ~*~*~tactically~*~*~ (stealth).
 18706 | Orc:1    | 18706 ||| INVOKING Heroism.
 18773 | Orc:1    | 18773 ||| Stepping ~*~*~tactically~*~*~ (stealth).
 18793 | Orc:1    | 18793 ||| Stepping ~*~*~tactically~*~*~ (hiding).
 18795 | Orc:1    | 18795 ||| Stepping ~*~*~tactically~*~*~ (hiding).
 18845 | Orc:1    | 18845 ||| INVOKING Heroism.
 19027 | Orc:2    | 19027 ||| INVOKING Heroism.
 19095 | Orc:2    | 19095 ||| INVOKING Heroism.
 19098 | Orc:2    | Paralysed by an orc sorcerer for 5 turns
 19131 | Orc:2    | 19131 ||| Stepping ~*~*~tactically~*~*~ (stealth).
 19141 | Orc:2    | 19141 ||| INVOKING Heroism.
 19155 | Orc:2    | 19155 ||| Stepping ~*~*~tactically~*~*~ (hiding).
 19187 | Orc:2    | 19187 ||| Stepping ~*~*~tactically~*~*~ (stealth).
 19200 | Orc:2    | 19200 ||| Stepping ~*~*~tactically~*~*~ (hiding).
 19201 | Orc:2    | 19201 ||| Stepping ~*~*~tactically~*~*~ (hiding).
 19209 | Orc:2    | 19209 ||| Stepping ~*~*~tactically~*~*~ (hiding).
 19212 | Orc:2    | 19212 ||| Stepping ~*~*~tactically~*~*~ (hiding).
 19213 | Orc:2    | 19213 ||| Stepping ~*~*~tactically~*~*~ (hiding).
 19215 | Orc:2    | 19215 ||| INVOKING Heroism.
 19232 | Orc:2    | 19232 ||| Stepping ~*~*~tactically~*~*~ (stealth).
 19241 | Orc:2    | 19241 ||| Stepping ~*~*~tactically~*~*~ (hiding).
 19249 | Orc:2    | 19249 ||| Stepping ~*~*~tactically~*~*~ (hiding).
 19250 | Orc:2    | 19250 ||| Stepping ~*~*~tactically~*~*~ (hiding).
 19251 | Orc:2    | 19251 ||| Stepping ~*~*~tactically~*~*~ (hiding).
 19252 | Orc:2    | 19252 ||| Stepping ~*~*~tactically~*~*~ (hiding).
 19254 | Orc:2    | 19254 ||| INVOKING Heroism.
 19262 | Orc:2    | 19262 ||| Stepping ~*~*~tactically~*~*~ (hiding).
 19263 | Orc:2    | 19263 ||| Stepping ~*~*~tactically~*~*~ (hiding).
 19282 | Orc:2    | 19282 ||| Stepping ~*~*~tactically~*~*~ (stealth).
 19283 | Orc:2    | Noticed Urug
 19284 | Orc:2    | 19284 ||| Stepping ~*~*~tactically~*~*~ (hiding).
 19288 | Orc:2    | 19288 ||| INVOKING Heroism.
 19293 | Orc:2    | Killed Urug
 19323 | Orc:2    | Reached skill level 12 in Shields
 19325 | Orc:2    | Found Cuingauff's Antique Armour Shop.
 19332 | Orc:2    | 19332 ||| INVOKING Heroism.
 19350 | Orc:2    | Found Sog Pidotus's Jewellery Shop.
 19366 | Orc:2    | 19366 ||| BUYING amulet of reflection (420 gold).
 19366 | Orc:2    | Bought an amulet of reflection for 420 gold pieces
 19366 | Orc:2    | 19366 ||| BUYING ring of protection from cold (350 gold).
 19366 | Orc:2    | Bought a ring of protection from cold for 350 gold pieces
 19546 | Orc:2    | Found Bebbeill's Antique Weapon Shop.
 19562 | Orc:2    | Found Visoj's General Store.
 19569 | Orc:2    | 19569 ||| BUYING scroll of brand weapon (123 gold).
 19569 | Orc:2    | Bought a scroll of brand weapon for 123 gold pieces
 19687 | Orc:2    | 19687 ||| PLANNING SWAMP:1-3
 19687 | Orc:2    | 19687 ||| UPGRADING to amulet of reflection.
 19697 | Orc:2    | 19697 ||| DROPPING amulet of regeneration.
 19698 | Orc:2    | 19698 ||| DROPPING ring of ice.
 19860 | Swamp:1  | Entered Level 1 of the Swamp
 19866 | Swamp:1  | 19866 ||| INVOKING Heroism.
 19873 | Swamp:1  | 19873 ||| Stepping ~*~*~tactically~*~*~ (hiding).
 20004 | Swamp:1  | 20004 ||| READING scroll of enchant weapon.
 20004 | Swamp:1  | 20004 ||| ENCHANTING +6 spectral war axe.
 20034 | Swamp:1  | 20034 ||| Stepping ~*~*~tactically~*~*~ (hiding).
 20035 | Swamp:1  | 20035 ||| Stepping ~*~*~tactically~*~*~ (hiding).
 20154 | Swamp:1  | Found a sparkling altar of Nemelex Xobeh.
 20157 | Swamp:1  | 20157 ||| Stepping ~*~*~tactically~*~*~ (hiding).
 20289 | Swamp:1  | Received a gift from Okawaru
 20293 | Swamp:1  | 20293 ||| Stepping ~*~*~tactically~*~*~ (hiding).
 20410 | Swamp:1  | 20410 ||| Stepping ~*~*~tactically~*~*~ (hiding).
 20412 | Swamp:1  | 20412 ||| INVOKING Heroism.
 20442 | Swamp:1  | 20442 ||| Stepping ~*~*~tactically~*~*~ (hiding).
 20578 | Swamp:1  | 20578 ||| Stepping ~*~*~tactically~*~*~ (hiding).
 20915 | Swamp:2  | 20915 ||| INVOKING Heroism.
 20920 | Swamp:2  | 20920 ||| SWAPPING to +0 war axe of flaming.
 20925 | Swamp:2  | 20925 ||| SWAPPING to +7 spectral war axe.
 20965 | Swamp:2  | Noticed a fenstrider witch
 20966 | Swamp:2  | 20966 ||| Stepping ~*~*~tactically~*~*~ (hiding).
 20967 | Swamp:2  | 20967 ||| INVOKING Heroism.
 20974 | Swamp:2  | Killed a fenstrider witch
 21117 | Swamp:2  | 21117 ||| INVOKING Heroism.
 21131 | Swamp:2  | 21131 ||| Stepping ~*~*~tactically~*~*~ (stealth).
 21137 | Swamp:2  | 21137 ||| Stepping ~*~*~tactically~*~*~ (stealth).
 21139 | Swamp:2  | 21139 ||| Stepping ~*~*~tactically~*~*~ (stealth).
 21185 | Swamp:2  | 21185 ||| Stepping ~*~*~tactically~*~*~ (stealth).
 21305 | Swamp:2  | 21305 ||| Stepping ~*~*~tactically~*~*~ (stealth).
 21410 | Swamp:2  | 21410 ||| Stepping ~*~*~tactically~*~*~ (cloud).
 21451 | Swamp:2  | Identified the +5 short sword "Loamaesifo" {spect, Will+
                  | Int+2}
 21514 | Swamp:2  | 21514 ||| Stepping ~*~*~tactically~*~*~ (hiding).
 21517 | Swamp:2  | 21517 ||| INVOKING Heroism.
 21534 | Swamp:2  | 21534 ||| Stepping ~*~*~tactically~*~*~ (hiding).
 21672 | Swamp:2  | Reached XP level 17. HP: 93/113 MP: 24/24
 21797 | Swamp:3  | 21797 ||| Stepping ~*~*~tactically~*~*~ (hiding).
 21800 | Swamp:3  | 21800 ||| INVOKING Heroism.
 21838 | Swamp:3  | 21838 ||| Stepping ~*~*~tactically~*~*~ (stealth).
 21839 | Swamp:3  | 21839 ||| Stepping ~*~*~tactically~*~*~ (stealth).
 21850 | Swamp:3  | Reached skill level 15 in Shields
 21854 | Swamp:3  | 21854 ||| Stepping ~*~*~tactically~*~*~ (hiding).
 21856 | Swamp:3  | 21856 ||| INVOKING Heroism.
 21910 | Swamp:3  | 21910 ||| Stepping ~*~*~tactically~*~*~ (hiding).
 21912 | Swamp:3  | 21912 ||| Stepping ~*~*~tactically~*~*~ (hiding).
 21920 | Swamp:3  | 21920 ||| SWAPPING to +0 war axe of flaming.
 21922 | Swamp:3  | 21922 ||| INVOKING Heroism.
 21923 | Swamp:3  | 21923 ||| SWAPPING to +7 spectral war axe.
 21959 | Swamp:3  | 21959 ||| Stepping ~*~*~tactically~*~*~ (hiding).
 21970 | Swamp:3  | 21970 ||| Stepping ~*~*~tactically~*~*~ (hiding).
 22173 | Swamp:3  | 22173 ||| INVOKING Heroism.
 22177 | Swamp:3  | 22177 ||| SWAPPING to +0 war axe of flaming.
 22185 | Swamp:3  | 22185 ||| SWAPPING to +7 spectral war axe.
 22223 | Swamp:3  | 22223 ||| INVOKING Heroism.
 22253 | Swamp:3  | 22253 ||| Stepping ~*~*~tactically~*~*~ (stealth).
 22255 | Swamp:3  | 22255 ||| Stepping ~*~*~tactically~*~*~ (hiding).
 22552 | Swamp:3  | 22552 ||| INVOKING Heroism.
 22553 | Swamp:3  | 22553 ||| SWAPPING to +0 war axe of flaming.
 22558 | Swamp:3  | 22558 ||| SWAPPING to +7 spectral war axe.
 22568 | Swamp:3  | 22568 ||| PLANNING SPIDER:1-3
 22633 | Spider:1 | Entered Level 1 of the Spider Nest
 22634 | Spider:1 | 22634 ||| INVOKING Heroism.
 22671 | Spider:1 | 22671 ||| STAIRDANCE
 22927 | Spider:1 | 22927 ||| INVOKING Heroism.
 22939 | Spider:1 | Received a gift from Okawaru
 23048 | Spider:1 | 23048 ||| INVOKING Heroism.
 23106 | Spider:1 | 23106 ||| INVOKING Heroism.
 23163 | Spider:1 | 23163 ||| Stepping ~*~*~tactically~*~*~ (stealth).
 23166 | Spider:1 | 23166 ||| Stepping ~*~*~tactically~*~*~ (stealth).
 23250 | Spider:1 | 23250 ||| Stepping ~*~*~tactically~*~*~ (stealth).
 23317 | Spider:1 | Received a gift from Okawaru
 23319 | Spider:1 | Reached skill level 12 in Armour
 23324 | Spider:1 | 23324 ||| INVOKING Heroism.
 23735 | Spider:1 | 23735 ||| Stepping ~*~*~tactically~*~*~ (stealth).
 23982 | Spider:1 | 23982 ||| DROPPING scarf of harm.
 24036 | Spider:2 | 24036 ||| Stepping randomly (disturbance).
 24037 | Spider:2 | 24037 ||| Stepping randomly (disturbance).
 24040 | Spider:2 | 24040 ||| Stepping randomly (disturbance).
 24041 | Spider:2 | 24041 ||| Stepping randomly (disturbance).
 24055 | Spider:2 | 24055 ||| Stepping ~*~*~tactically~*~*~ (stealth).
 24056 | Spider:2 | 24056 ||| Stepping ~*~*~tactically~*~*~ (stealth).
 24058 | Spider:2 | 24058 ||| Stepping ~*~*~tactically~*~*~ (hiding).
 24087 | Spider:2 | 24087 ||| Stepping ~*~*~tactically~*~*~ (stealth).
 24090 | Spider:2 | 24090 ||| Stepping ~*~*~tactically~*~*~ (stealth).
 24129 | Spider:2 | 24129 ||| Stepping ~*~*~tactically~*~*~ (stealth).
 24221 | Spider:2 | Received a gift from Okawaru
 24328 | Spider:2 | 24328 ||| Stepping ~*~*~tactically~*~*~ (stealth).
 24332 | Spider:2 | 24332 ||| INVOKING Heroism.
 24340 | Spider:2 | 24340 ||| DRINKING 11 potions of curing.
 24340 | Spider:2 | 24340 ||| (to cure confusion)
 24586 | Spider:2 | 24586 ||| Stepping ~*~*~tactically~*~*~ (stealth).
 24595 | Spider:2 | Received a gift from Okawaru
 24785 | Spider:2 | Received a gift from Okawaru
 24808 | Spider:2 | 24808 ||| Stepping ~*~*~tactically~*~*~ (stealth).
 24836 | Spider:2 | 24836 ||| INVOKING Heroism.
 25081 | Spider:2 | 25081 ||| Stepping ~*~*~tactically~*~*~ (stealth).
 25139 | Spider:2 | 25139 ||| INVOKING Heroism.
 25146 | Spider:2 | Reached XP level 18. HP: 119/119 MP: 23/25
 25146 | Spider:2 | 25146 ||| DROPPING +0 war axe of flaming.
 25432 | Spider:3 | 25432 ||| Stepping ~*~*~tactically~*~*~ (hiding).
 25434 | Spider:3 | 25434 ||| INVOKING Finesse.
 25438 | Spider:3 | Received a gift from Okawaru
 25562 | Spider:3 | Reached skill level 18 in Shields
 25570 | Spider:3 | 25570 ||| INVOKING Heroism.
 25579 | Spider:3 | 25579 ||| Stepping ~*~*~tactically~*~*~ (hiding).
 25835 | Spider:3 | 25835 ||| Stepping ~*~*~tactically~*~*~ (stealth).
 25841 | Spider:3 | 25841 ||| Stepping ~*~*~tactically~*~*~ (stealth).
 25900 | Spider:3 | 25900 ||| Stepping ~*~*~tactically~*~*~ (hiding).
 25901 | Spider:3 | 25901 ||| Stepping ~*~*~tactically~*~*~ (hiding).
 26132 | Spider:3 | Identified the amulet "Lobuzazio" {Acrobat +Inv rN+}
 26336 | Spider:3 | 26336 ||| PLANNING SWAMP:4
 26336 | Spider:3 | 26336 ||| DROPPING amulet "Lobuzazio" {Acrobat +Inv rN+}.
 26462 | Swamp:4  | Entered Level 4 of the Swamp
 26467 | Swamp:4  | 26467 ||| INVOKING Heroism.
 26585 | Swamp:4  | 26585 ||| INVOKING Heroism.
 26647 | Swamp:4  | 26647 ||| INVOKING Heroism.
 26689 | Swamp:4  | 26689 ||| Stepping ~*~*~tactically~*~*~ (hiding).
 26690 | Swamp:4  | 26690 ||| Stepping ~*~*~tactically~*~*~ (hiding).
 26904 | Swamp:4  | 26904 ||| INVOKING Heroism.
 26936 | Swamp:4  | Received a gift from Okawaru
 26941 | Swamp:4  | 26941 ||| Stepping ~*~*~tactically~*~*~ (hiding).
 26942 | Swamp:4  | 26942 ||| Stepping ~*~*~tactically~*~*~ (hiding).
 26943 | Swamp:4  | 26943 ||| Stepping ~*~*~tactically~*~*~ (hiding).
 26944 | Swamp:4  | 26944 ||| Stepping ~*~*~tactically~*~*~ (hiding).
 26952 | Swamp:4  | 26952 ||| INVOKING Heroism.
 26953 | Swamp:4  | Noticed Mara
 26979 | Swamp:4  | Noticed qw's illusion
 26987 | Swamp:4  | Killed Mara
 26988 | Swamp:4  | HP: 20/119 [bog body/bolt of cold (23)]
 26989 | Swamp:4  | 26989 ||| READING 5 scrolls of teleportation.
 26990 | Swamp:4  | 26990 ||| DRINKING 4 potions of heal wounds.
 27244 | Swamp:4  | 27244 ||| INVOKING Heroism.
 27286 | Swamp:4  | Found a runed translucent door.
 27287 | Swamp:4  | Paralysed by a fenstrider witch for 4 turns
 27362 | Swamp:4  | 27362 ||| INVOKING Heroism.
 27363 | Swamp:4  | Paralysed by a fenstrider witch for 2 turns
 27426 | Swamp:4  | Received a gift from Okawaru
 27474 | Swamp:4  | 27474 ||| Stepping ~*~*~tactically~*~*~ (stealth).
 27477 | Swamp:4  | 27477 ||| Stepping ~*~*~tactically~*~*~ (hiding).
 27620 | Swamp:4  | 27620 ||| Stepping ~*~*~tactically~*~*~ (hiding).
 27622 | Swamp:4  | 27622 ||| Stepping ~*~*~tactically~*~*~ (hiding).
 27630 | Swamp:4  | 27630 ||| INVOKING Heroism.
 27631 | Swamp:4  | 27631 ||| Stepping ~*~*~tactically~*~*~ (cloud).
 27644 | Swamp:4  | Reached skill level 15 in Armour
 27687 | Swamp:4  | 27687 ||| Stepping ~*~*~tactically~*~*~ (stealth).
 27688 | Swamp:4  | 27688 ||| Stepping ~*~*~tactically~*~*~ (stealth).
 27689 | Swamp:4  | 27689 ||| Stepping ~*~*~tactically~*~*~ (stealth).
 27695 | Swamp:4  | 27695 ||| Stepping ~*~*~tactically~*~*~ (hiding).
 27759 | Swamp:4  | 27759 ||| Stepping ~*~*~tactically~*~*~ (hiding).
 27767 | Swamp:4  | Received a gift from Okawaru
 27768 | Swamp:4  | 27768 ||| Stepping ~*~*~tactically~*~*~ (hiding).
 27774 | Swamp:4  | 27774 ||| INVOKING Heroism.
 27777 | Swamp:4  | 27777 ||| Stepping ~*~*~tactically~*~*~ (stealth).
 27778 | Swamp:4  | 27778 ||| Stepping ~*~*~tactically~*~*~ (stealth).
 27812 | Swamp:4  | 27812 ||| Stepping ~*~*~tactically~*~*~ (stealth).
 27813 | Swamp:4  | 27813 ||| Stepping ~*~*~tactically~*~*~ (stealth).
 27835 | Swamp:4  | 27835 ||| Stepping ~*~*~tactically~*~*~ (stealth).
 27836 | Swamp:4  | 27836 ||| Stepping ~*~*~tactically~*~*~ (stealth).
 27837 | Swamp:4  | 27837 ||| INVOKING Heroism.
 27884 | Swamp:4  | 27884 ||| Stepping ~*~*~tactically~*~*~ (stealth).
 27886 | Swamp:4  | 27886 ||| Stepping ~*~*~tactically~*~*~ (hiding).
 27887 | Swamp:4  | 27887 ||| Stepping ~*~*~tactically~*~*~ (hiding).
 28023 | Swamp:4  | 28023 ||| Stepping ~*~*~tactically~*~*~ (stealth).
 28031 | Swamp:4  | 28031 ||| Stepping ~*~*~tactically~*~*~ (hiding).
 28164 | Swamp:4  | Got a decaying rune of Zot
 28189 | Swamp:4  | 28189 ||| Stepping ~*~*~tactically~*~*~ (stealth).
 28191 | Swamp:4  | 28191 ||| INVOKING Heroism.
 28453 | Swamp:4  | 28453 ||| PLANNING VAULTS:1-4
 28453 | Swamp:4  | 28453 ||| UPGRADING to +2 pair of boots.
 28463 | Swamp:4  | 28463 ||| DROPPING +0 pair of boots of rampaging.
 28730 | Vaults:1 | Entered Level 1 of the Vaults
 28772 | Vaults:1 | 28772 ||| Stepping ~*~*~tactically~*~*~ (hiding).
 28960 | Vaults:1 | Received a gift from Okawaru
 29081 | Vaults:1 | Reached skill level 9 in Throwing
 29174 | Vaults:1 | 29174 ||| Stepping ~*~*~tactically~*~*~ (hiding).
 29176 | Vaults:1 | 29176 ||| Stepping ~*~*~tactically~*~*~ (hiding).
 29227 | Vaults:1 | 29227 ||| UPGRADING to +5 ring of evasion.
 29229 | Vaults:1 | 29229 ||| DROPPING +4 ring of protection.
 29254 | Vaults:1 | Reached skill level 16 in Fighting
 29254 | Vaults:1 | Reached XP level 19. HP: 111/125 MP: 26/26
 29361 | Vaults:1 | Received a gift from Okawaru
 29485 | Vaults:1 | 29485 ||| Stepping ~*~*~tactically~*~*~ (hiding).
 29486 | Vaults:1 | 29486 ||| Stepping ~*~*~tactically~*~*~ (hiding).
 29488 | Vaults:1 | 29488 ||| Stepping ~*~*~tactically~*~*~ (hiding).
 29512 | Vaults:1 | 29512 ||| INVOKING Heroism.
 29535 | Vaults:1 | 29535 ||| Stepping ~*~*~tactically~*~*~ (stealth).
 29654 | Abyss:2  | Cast into level 2 of the Abyss (a wizard)
 29657 | Vaults:1 | Escaped the Abyss
 29783 | Vaults:1 | 29783 ||| Stepping ~*~*~tactically~*~*~ (hiding).
 29792 | Vaults:1 | Received a gift from Okawaru
 29896 | Vaults:1 | 29896 ||| Stepping ~*~*~tactically~*~*~ (hiding).
 29897 | Vaults:1 | 29897 ||| Stepping ~*~*~tactically~*~*~ (hiding).
 29898 | Vaults:1 | 29898 ||| Stepping ~*~*~tactically~*~*~ (hiding).
 29943 | Vaults:1 | 29943 ||| Stepping ~*~*~tactically~*~*~ (hiding).
 29944 | Vaults:1 | 29944 ||| Stepping ~*~*~tactically~*~*~ (hiding).
 29951 | Vaults:1 | 29951 ||| Stepping ~*~*~tactically~*~*~ (hiding).
 29952 | Vaults:1 | 29952 ||| Stepping ~*~*~tactically~*~*~ (hiding).
 29995 | Vaults:1 | Reached skill level 17 in Fighting
 29996 | Vaults:1 | 29996 ||| INVOKING Heroism.
 30042 | Vaults:1 | 30042 ||| Stepping ~*~*~tactically~*~*~ (stealth).
 30045 | Vaults:1 | 30045 ||| Stepping ~*~*~tactically~*~*~ (stealth).
 30342 | Vaults:1 | 30342 ||| Stepping ~*~*~tactically~*~*~ (hiding).
 30345 | Vaults:1 | 30345 ||| INVOKING Heroism.
 30346 | Vaults:1 | 30346 ||| INVOKING Finesse.
 30396 | Vaults:1 | 30396 ||| Stepping ~*~*~tactically~*~*~ (hiding).
 30411 | Vaults:1 | 30411 ||| Stepping ~*~*~tactically~*~*~ (hiding).
 30526 | Vaults:1 | 30526 ||| Stepping ~*~*~tactically~*~*~ (stealth).
 30533 | Vaults:1 | 30533 ||| INVOKING Heroism.
 30534 | Vaults:1 | 30534 ||| INVOKING Finesse.
 30753 | Vaults:2 | 30753 ||| PLANNING BAZAAR
 30814 | Vaults:2 | Found a flickering gateway to a bazaar.
 30822 | Bazaar   | Entered a bazaar
 30836 | Bazaar   | Found Hoclicig's Distillery.
 30844 | Bazaar   | 30844 ||| BUYING potion of haste (140 gold).
 30844 | Bazaar   | Bought a potion of haste for 140 gold pieces
 30844 | Bazaar   | 30844 ||| BUYING potion of heal wounds (70 gold).
 30844 | Bazaar   | Bought a potion of heal wounds for 70 gold pieces
 30844 | Bazaar   | 30844 ||| BUYING potion of lignification (42 gold).
 30844 | Bazaar   | Bought a potion of lignification for 42 gold pieces
 30844 | Bazaar   | 30844 ||| BUYING potion of magic (112 gold).
 30844 | Bazaar   | Bought a potion of magic for 112 gold pieces
 30844 | Bazaar   | 30844 ||| BUYING potion of magic (112 gold).
 30844 | Bazaar   | Bought a potion of magic for 112 gold pieces
 30844 | Bazaar   | 30844 ||| BUYING potion of resistance (140 gold).
 30844 | Bazaar   | Bought a potion of resistance for 140 gold pieces
 30856 | Bazaar   | Found Vipuden's Magic Scroll Shop.
 30861 | Bazaar   | 30861 ||| BUYING scroll of brand weapon (114 gold).
 30861 | Bazaar   | Bought a scroll of brand weapon for 114 gold pieces
 30887 | Bazaar   | Found Gistrets's Magic Scroll Shop.
 30891 | Bazaar   | 30891 ||| BUYING 2 scrolls of enchant armour (165 gold).
 30891 | Bazaar   | Bought 2 scrolls of enchant armour for 165 gold pieces
 30891 | Bazaar   | 30891 ||| BUYING scroll of brand weapon (104 gold).
 30891 | Bazaar   | Bought a scroll of brand weapon for 104 gold pieces
 30891 | Bazaar   | 30891 ||| BUYING scroll of enchant weapon (82 gold).
 30891 | Bazaar   | Bought a scroll of enchant weapon for 82 gold pieces
 30891 | Bazaar   | 30891 ||| BUYING scroll of teleportation (33 gold).
 30891 | Bazaar   | Bought a scroll of teleportation for 33 gold pieces
 30891 | Bazaar   | 30891 ||| READING 2 scrolls of enchant armour.
 30891 | Bazaar   | 30891 ||| ENCHANTING +0 pair of gloves.
 30892 | Bazaar   | 30892 ||| READING scroll of enchant armour.
 30892 | Bazaar   | 30892 ||| ENCHANTING +1 pair of gloves.
 30893 | Bazaar   | 30893 ||| READING scroll of enchant weapon.
 30893 | Bazaar   | 30893 ||| ENCHANTING +7 spectral war axe.
 30901 | Bazaar   | Found Vizilly's Distillery.
 30909 | Bazaar   | 30909 ||| BUYING 2 potions of curing (96 gold).
 30909 | Bazaar   | Bought 2 potions of curing for 96 gold pieces
 30909 | Bazaar   | 30909 ||| BUYING 2 potions of lignification (96 gold).
 30909 | Bazaar   | Bought 2 potions of lignification for 96 gold pieces
 30909 | Bazaar   | 30909 ||| BUYING potion of curing (48 gold).
 30909 | Bazaar   | Bought a potion of curing for 48 gold pieces
 30909 | Bazaar   | 30909 ||| BUYING potion of curing (48 gold).
 30909 | Bazaar   | Bought a potion of curing for 48 gold pieces
 30909 | Bazaar   | 30909 ||| BUYING potion of might (64 gold).
 30909 | Bazaar   | Bought a potion of might for 64 gold pieces
 30909 | Bazaar   | 30909 ||| BUYING potion of might (64 gold).
 30909 | Bazaar   | Bought a potion of might for 64 gold pieces
 30909 | Bazaar   | 30909 ||| BUYING potion of mutation (128 gold).
 30909 | Bazaar   | Bought a potion of mutation for 128 gold pieces
 30921 | Vaults:2 | 30921 ||| PLANNING VAULTS:1-4
 30949 | Vaults:2 | 30949 ||| Stepping ~*~*~tactically~*~*~ (hiding).
 30950 | Vaults:2 | 30950 ||| Stepping ~*~*~tactically~*~*~ (hiding).
 30969 | Vaults:2 | 30969 ||| INVOKING Heroism.
 31142 | Vaults:2 | 31142 ||| INVOKING Heroism.
 31148 | Vaults:2 | Received a gift from Okawaru
 31314 | Vaults:2 | 31314 ||| Stepping ~*~*~tactically~*~*~ (hiding).
 31736 | Vaults:2 | Found a staircase to the Crypt.
 31826 | Vaults:2 | 31826 ||| Stepping ~*~*~tactically~*~*~ (stealth).
 31841 | Vaults:2 | 31841 ||| INVOKING Heroism.
 32207 | Vaults:2 | Received a gift from Okawaru
 32225 | Vaults:2 | Reached XP level 20. HP: 100/134 MP: 27/27
 32307 | Vaults:2 | 32307 ||| READING scroll of enchant armour.
 32307 | Vaults:2 | 32307 ||| ENCHANTING +1 helmet.
 32310 | Vaults:2 | 32310 ||| READING scroll of enchant armour.
 32310 | Vaults:2 | 32310 ||| ENCHANTING +2 plate armour of poison resistance.
 32343 | Vaults:2 | 32343 ||| Stepping ~*~*~tactically~*~*~ (hiding).
 32557 | Vaults:3 | 32557 ||| Stepping ~*~*~tactically~*~*~ (hiding).
 32589 | Vaults:3 | 32589 ||| Stepping ~*~*~tactically~*~*~ (hiding).
 32592 | Vaults:3 | 32592 ||| Stepping ~*~*~tactically~*~*~ (hiding).
 32593 | Vaults:3 | 32593 ||| Stepping ~*~*~tactically~*~*~ (hiding).
 32598 | Vaults:3 | 32598 ||| Stepping ~*~*~tactically~*~*~ (hiding).
 32601 | Vaults:3 | 32601 ||| INVOKING Heroism.
 32602 | Vaults:3 | 32602 ||| INVOKING Finesse.
 32630 | Vaults:3 | 32630 ||| Stepping ~*~*~tactically~*~*~ (stealth).
 32631 | Vaults:3 | 32631 ||| Stepping ~*~*~tactically~*~*~ (stealth).
 32707 | Vaults:3 | Noticed Nikola
 32716 | Vaults:3 | Killed Nikola
 32716 | Vaults:3 | Received a gift from Okawaru
 32748 | Vaults:3 | Noticed Xtahua
 32750 | Vaults:3 | 32750 ||| DRINKING 3 potions of resistance.
 32758 | Vaults:3 | Killed Xtahua
 32759 | Vaults:3 | Reached skill level 18 in Fighting
 32759 | Vaults:3 | 32759 ||| Stepping ~*~*~tactically~*~*~ (cloud).
 32918 | Vaults:3 | Noticed Boris
 32919 | Vaults:3 | 32919 ||| Stepping ~*~*~tactically~*~*~ (stealth).
 32933 | Vaults:3 | 32933 ||| INVOKING Heroism.
 32935 | Vaults:3 | Killed Boris
 33107 | Vaults:3 | 33107 ||| Stepping ~*~*~tactically~*~*~ (hiding).
 33110 | Vaults:3 | 33110 ||| Stepping ~*~*~tactically~*~*~ (hiding).
 33234 | Vaults:3 | Noticed Jory
 33235 | Vaults:3 | 33235 ||| Stepping ~*~*~tactically~*~*~ (hiding).
 33248 | Vaults:3 | 33248 ||| INVOKING Heroism.
 33251 | Vaults:3 | Killed Jory
 33436 | Vaults:3 | 33436 ||| Stepping ~*~*~tactically~*~*~ (stealth).
 33438 | Vaults:3 | 33438 ||| Stepping ~*~*~tactically~*~*~ (hiding).
 33441 | Vaults:3 | 33441 ||| Stepping ~*~*~tactically~*~*~ (hiding).
 33442 | Vaults:3 | 33442 ||| Stepping ~*~*~tactically~*~*~ (hiding).
 33453 | Vaults:3 | 33453 ||| INVOKING Heroism.
 33566 | Vaults:3 | 33566 ||| Stepping ~*~*~tactically~*~*~ (hiding).
 33568 | Vaults:3 | Received a gift from Okawaru
 33647 | Vaults:3 | 33647 ||| Stepping ~*~*~tactically~*~*~ (stealth).
 33651 | Vaults:3 | 33651 ||| INVOKING Finesse.
 33805 | Vaults:3 | 33805 ||| Stepping ~*~*~tactically~*~*~ (stealth).
 33806 | Vaults:3 | 33806 ||| INVOKING Heroism.
 33807 | Vaults:3 | 33807 ||| INVOKING Finesse.
 33973 | Vaults:3 | 33973 ||| Stepping ~*~*~tactically~*~*~ (hiding).
 33975 | Vaults:3 | 33975 ||| Stepping ~*~*~tactically~*~*~ (hiding).
 33977 | Vaults:3 | 33977 ||| INVOKING Heroism.
 34030 | Vaults:3 | 34030 ||| Stepping ~*~*~tactically~*~*~ (hiding).
 34175 | Vaults:3 | Reached skill level 18 in Armour
 34346 | Vaults:3 | 34346 ||| Stepping ~*~*~tactically~*~*~ (stealth).
 34348 | Vaults:3 | 34348 ||| INVOKING Heroism.
 34349 | Vaults:3 | 34349 ||| INVOKING Finesse.
 34404 | Vaults:3 | 34404 ||| INVOKING Heroism.
 34411 | Vaults:3 | Received a gift from Okawaru
 34446 | Vaults:3 | Identified the +10 dagger of Zaut {flame, Will++ Int-3
                  | Dex+2}
 34447 | Vaults:3 | Identified the staff of air "Nialeqof" {rElec rN+++ Int-4
                  | Dex+3}
 34455 | Vaults:3 | Identified the ring of Iliud {Will+ MP+9 Dex+6}
 34457 | Vaults:3 | Identified the +4 sling "Jellyslayer" {flame, Int+3}
 34529 | Vaults:3 | 34529 ||| UPGRADING to ring of Iliud {Will+ MP+9 Dex+6}.
 34567 | Vaults:3 | 34567 ||| READING scroll labelled YTAETIWKIX.
 34679 | Vaults:4 | 34679 ||| Stepping ~*~*~tactically~*~*~ (hiding).
 34796 | Vaults:4 | Noticed Margery
 34799 | Vaults:4 | 34799 ||| Stepping ~*~*~tactically~*~*~ (hiding).
 34804 | Vaults:4 | 34804 ||| DRINKING 2 potions of resistance.
 34815 | Vaults:4 | Killed Margery
 34820 | Vaults:4 | 34820 ||| INVOKING Heroism.
 34826 | Vaults:4 | 34826 ||| Stepping ~*~*~tactically~*~*~ (hiding).
 35033 | Vaults:4 | Reached skill level 6 in Dodging
 35050 | Vaults:4 | Received a gift from Okawaru
 35147 | Vaults:4 | 35147 ||| Stepping ~*~*~tactically~*~*~ (stealth).
 35148 | Vaults:4 | 35148 ||| Stepping ~*~*~tactically~*~*~ (hiding).
 35165 | Vaults:4 | 35165 ||| INVOKING Heroism.
 35334 | Vaults:4 | Received a gift from Okawaru
 35348 | Vaults:4 | 35348 ||| INVOKING Heroism.
 35374 | Vaults:4 | 35374 ||| Stepping ~*~*~tactically~*~*~ (hiding).
 35378 | Vaults:4 | Reached XP level 21. HP: 41/142 MP: 28/28
 35721 | Vaults:4 | 35721 ||| INVOKING Heroism.
 35722 | Vaults:4 | 35722 ||| INVOKING Finesse.
 35819 | Vaults:4 | Received a gift from Okawaru
 35875 | Vaults:4 | Noticed Boris
 35876 | Vaults:4 | 35876 ||| INVOKING Heroism.
 35892 | Vaults:4 | Killed Boris
 36139 | Vaults:4 | Reached skill level 19 in Fighting
 36277 | Vaults:4 | 36277 ||| Stepping ~*~*~tactically~*~*~ (hiding).
 36488 | Vaults:4 | 36488 ||| Stepping ~*~*~tactically~*~*~ (hiding).
 36493 | Vaults:4 | 36493 ||| Stepping ~*~*~tactically~*~*~ (hiding).
 36496 | Vaults:4 | 36496 ||| Stepping ~*~*~tactically~*~*~ (hiding).
 36508 | Vaults:4 | 36508 ||| Stepping ~*~*~tactically~*~*~ (hiding).
 36511 | Vaults:4 | 36511 ||| Stepping ~*~*~tactically~*~*~ (hiding).
 36515 | Vaults:4 | 36515 ||| Stepping ~*~*~tactically~*~*~ (hiding).
 36520 | Vaults:4 | 36520 ||| Stepping ~*~*~tactically~*~*~ (hiding).
 36523 | Vaults:4 | 36523 ||| INVOKING Heroism.
 36526 | Vaults:4 | 36526 ||| Stepping ~*~*~tactically~*~*~ (hiding).
 36539 | Vaults:4 | 36539 ||| Stepping ~*~*~tactically~*~*~ (hiding).
 36543 | Vaults:4 | 36543 ||| Stepping ~*~*~tactically~*~*~ (hiding).
 36548 | Vaults:4 | 36548 ||| Stepping ~*~*~tactically~*~*~ (hiding).
 36552 | Vaults:4 | 36552 ||| Stepping ~*~*~tactically~*~*~ (hiding).
 36555 | Vaults:4 | 36555 ||| Stepping ~*~*~tactically~*~*~ (hiding).
 36563 | Vaults:4 | 36563 ||| Stepping ~*~*~tactically~*~*~ (hiding).
 36577 | Vaults:4 | Received a gift from Okawaru
 36577 | Vaults:4 | HP: 35/144 [ironbound thunderhulk/bolt of lightning (5)]
 36578 | Vaults:4 | 36578 ||| Stepping ~*~*~tactically~*~*~ (hiding).
 36580 | Vaults:4 | 36580 ||| READING 8 scrolls of teleportation.
 36581 | Vaults:4 | 36581 ||| DRINKING 4 potions of heal wounds.
 36714 | Vaults:4 | 36714 ||| INVOKING Heroism.
 36718 | Vaults:4 | 36718 ||| Stepping ~*~*~tactically~*~*~ (hiding).
 36719 | Vaults:4 | 36719 ||| Stepping ~*~*~tactically~*~*~ (hiding).
 36720 | Vaults:4 | 36720 ||| Stepping ~*~*~tactically~*~*~ (hiding).
 37074 | Vaults:4 | 37074 ||| Stepping ~*~*~tactically~*~*~ (hiding).
 37075 | Vaults:4 | 37075 ||| Stepping ~*~*~tactically~*~*~ (hiding).
 37076 | Vaults:4 | 37076 ||| Stepping ~*~*~tactically~*~*~ (hiding).
 37253 | Vaults:4 | 37253 ||| PLANNING SPIDER:4
 37253 | Vaults:4 | 37253 ||| UPGRADING to +5 ring of evasion.
 37255 | Vaults:4 | 37255 ||| DROPPING ring of Iliud {Will+ MP+9 Dex+6}.
 37653 | Spider:4 | Entered Level 4 of the Spider Nest
 37653 | Spider:4 | Noticed Kirke
 37660 | Spider:4 | 37660 ||| STAIRDANCE
 37662 | Spider:3 | 37662 ||| DRINKING 6 potions of cancellation.
 37663 | Spider:3 | Killed Kirke
 37782 | Spider:4 | 37782 ||| Stepping randomly (disturbance).
 37783 | Spider:4 | 37783 ||| Stepping randomly (disturbance).
 37785 | Spider:4 | 37785 ||| Stepping randomly (disturbance).
 37787 | Spider:4 | 37787 ||| Stepping randomly (disturbance).
 37823 | Spider:4 | 37823 ||| Stepping ~*~*~tactically~*~*~ (hiding).
 37825 | Spider:4 | 37825 ||| Stepping ~*~*~tactically~*~*~ (hiding).
 37948 | Spider:4 | 37948 ||| Stepping ~*~*~tactically~*~*~ (stealth).
 37950 | Spider:4 | 37950 ||| INVOKING Finesse.
 38302 | Spider:4 | 38302 ||| Stepping ~*~*~tactically~*~*~ (stealth).
 38347 | Spider:4 | 38347 ||| Stepping ~*~*~tactically~*~*~ (stealth).
 38567 | Spider:4 | 38567 ||| Stepping ~*~*~tactically~*~*~ (stealth).
 38855 | Spider:4 | Identified the +9 war axe of Tension {pain, rF+++ MP+9
                  | Str-4 Dex-4} (Okawaru gifted it to you on level 4 of the
                  | Spider Nest)
 38855 | Spider:4 | Received a gift from Okawaru
 38870 | Spider:4 | 38870 ||| Stepping ~*~*~tactically~*~*~ (stealth).
 38951 | Spider:4 | Identified the scarf of the Devil {+Inv, *Corrode Regen+
                  | MP+9}
 38974 | Spider:4 | Got a gossamer rune of Zot
 38981 | Spider:4 | 38981 ||| PLANNING DEPTHS
 38981 | Spider:4 | 38981 ||| DROPPING scarf of the Devil {+Inv, *Corrode
                  | Regen+ MP+9}.
 39376 | Depths:1 | Entered Level 1 of the Depths
 39380 | Depths:1 | 39380 ||| INVOKING Heroism.
 39381 | Depths:1 | 39381 ||| INVOKING Finesse.
 39456 | Depths:1 | 39456 ||| INVOKING Heroism.
 39467 | Depths:1 | Reached skill level 20 in Fighting
 39578 | Depths:1 | 39578 ||| INVOKING Heroism.
 39791 | Depths:1 | Noticed Boris
 39803 | Depths:1 | 39803 ||| INVOKING Heroism.
 39805 | Depths:1 | 39805 ||| Stepping ~*~*~tactically~*~*~ (cloud).
 39806 | Depths:1 | 39806 ||| Stepping ~*~*~tactically~*~*~ (cloud).
 39814 | Depths:1 | Killed Boris
 39883 | Depths:1 | Reached XP level 22. HP: 135/152 MP: 29/29
 39989 | Depths:1 | Found a one-way gate to the infinite horrors of the Abyss.
 40013 | Depths:1 | Received a gift from Okawaru
 40015 | Depths:1 | Identified the +4 ring mail of the Wilderness {Harm rF-
                  | Int+2}
 40037 | Depths:1 | 40037 ||| INVOKING Heroism.
 40143 | Depths:1 | Found Ziruchi's Antique Armour Emporium.
 40148 | Depths:1 | 40148 ||| BUYING pair of embroidered gloves (307 gold).
 40148 | Depths:1 | Bought a pair of embroidered gloves for 307 gold pieces
 40221 | Depths:1 | 40221 ||| INVOKING Heroism.
 40654 | Depths:1 | Identified the +1 hand axe "Hydraslayer" {holy, *Slow rN+++
                  | rCorr MP+9}
 40663 | Depths:1 | Identified the +8 mace of Poamaqo {heavy, Str+3}
 40755 | Depths:1 | 40755 ||| UPGRADING to +1 pair of gloves of dexterity.
 40765 | Depths:1 | 40765 ||| DROPPING +2 pair of gloves.
 40766 | Depths:1 | 40766 ||| DROPPING +1 chain mail of willpower.
 40803 | Depths:2 | Found a one-way gate leading to the halls of Pandemonium.
 40804 | Depths:2 | 40804 ||| STAIRDANCE
 40908 | Depths:2 | 40908 ||| STAIRDANCE
 40911 | Depths:1 | 40911 ||| INVOKING Heroism.
 41085 | Depths:2 | 41085 ||| INVOKING Heroism.
 41091 | Depths:2 | Reached skill level 21 in Shields
 41097 | Depths:2 | 41097 ||| STAIRDANCE
 41313 | Depths:2 | Paralysed by a floating eye for 4 turns
 41319 | Depths:2 | Received a gift from Okawaru
 41321 | Depths:2 | 41321 ||| INVOKING Heroism.
 41399 | Depths:2 | 41399 ||| INVOKING Heroism.
 41411 | Depths:2 | Received a gift from Okawaru
 41630 | Depths:2 | 41630 ||| Stepping ~*~*~tactically~*~*~ (stealth).
 41667 | Depths:2 | 41667 ||| READING scroll of enchant armour.
 41667 | Depths:2 | 41667 ||| ENCHANTING +1 pair of gloves of dexterity.
 41778 | Depths:2 | 41778 ||| Stepping ~*~*~tactically~*~*~ (stealth).
 41780 | Depths:2 | 41780 ||| Stepping ~*~*~tactically~*~*~ (stealth).
 41781 | Depths:2 | 41781 ||| Stepping ~*~*~tactically~*~*~ (stealth).
 41782 | Depths:2 | 41782 ||| Stepping ~*~*~tactically~*~*~ (stealth).
 41783 | Depths:2 | 41783 ||| Stepping ~*~*~tactically~*~*~ (stealth).
 41784 | Depths:2 | 41784 ||| Stepping ~*~*~tactically~*~*~ (stealth).
 41786 | Depths:2 | 41786 ||| Stepping ~*~*~tactically~*~*~ (hiding).
 41978 | Depths:2 | Found Gychuiw's Antique Weapon Emporium.
 42148 | Depths:3 | 42148 ||| PLANNING WIZLAB
 42157 | Depths:3 | Identified the ring of Fragile Peace {Ice *Slow rElec
                  | Stlth+}
 42157 | Depths:3 | Noticed Josephina
 42158 | Depths:3 | 42158 ||| INVOKING Heroism.
 42171 | Depths:3 | Killed Josephina
 42172 | Depths:3 | Reached skill level 21 in Fighting
 42175 | Depths:3 | 42175 ||| Stepping ~*~*~tactically~*~*~ (hiding).
 42201 | Depths:3 | 42201 ||| INVOKING Heroism.
 42322 | Depths:3 | 42322 ||| Stepping ~*~*~tactically~*~*~ (stealth).
 42368 | Depths:3 | 42368 ||| INVOKING Heroism.
 42518 | Depths:3 | 42518 ||| INVOKING Heroism.
 42544 | Depths:3 | Received a gift from Okawaru
 42557 | Depths:3 | 42557 ||| Stepping ~*~*~tactically~*~*~ (stealth).
 42639 | Depths:3 | 42639 ||| INVOKING Heroism.
 42657 | Depths:3 | Found a broken altar of Ashenzari.
 42690 | Depths:3 | 42690 ||| INVOKING Heroism.
 42732 | Depths:3 | 42732 ||| Stepping ~*~*~tactically~*~*~ (stealth).
 42733 | Depths:3 | 42733 ||| Stepping ~*~*~tactically~*~*~ (stealth).
 42876 | Depths:3 | 42876 ||| RIP WIZLAB
 42879 | Depths:3 | 42879 ||| PLANNING DEPTHS
 43232 | Depths:3 | Found a portal to a secret trove of treasure.
 43368 | Depths:3 | Found an opulent altar of Gozag.
 43427 | Depths:4 | Entered Level 4 of the Depths
 43458 | Depths:4 | 43458 ||| READING scroll of enchant weapon.
 43458 | Depths:4 | 43458 ||| ENCHANTING +8 spectral war axe.
 43581 | Depths:4 | Noticed Grunn
 43582 | Depths:4 | 43582 ||| INVOKING Heroism.
 43591 | Depths:4 | Reached skill level 21 in Armour
 43596 | Depths:4 | Received a gift from Okawaru
 43618 | Depths:4 | 43618 ||| INVOKING Heroism.
 43620 | Depths:4 | Killed Grunn
 43624 | Depths:4 | Reached XP level 23. HP: 108/160 MP: 28/30
 43635 | Depths:4 | HP: 32/156 [reaper/+0 scythe of venom[a doom hound] (14)]
 43636 | Depths:4 | 43636 ||| READING 9 scrolls of teleportation.
 43637 | Depths:4 | 43637 ||| DRINKING 7 potions of heal wounds.
 43647 | Depths:4 | HP: 38/156 [Tzitzimitl/bolt of negative energy[a doom
                  | hound] (14)]
 43648 | Depths:4 | 43648 ||| READING 8 scrolls of teleportation.
 43649 | Depths:4 | 43649 ||| DRINKING 6 potions of heal wounds.
 43650 | Depths:4 | 43650 ||| INVOKING Heroism.
 43694 | Depths:4 | 43694 ||| INVOKING Heroism.
 43697 | Depths:4 | HP: 29/157 [reaper/+0 scythe of venom[a doom hound] (18)]
 43698 | Depths:4 | 43698 ||| READING 7 scrolls of teleportation.
 43699 | Depths:4 | 43699 ||| DRINKING 5 potions of heal wounds.
 43702 | Depths:4 | HP: 38/158 [purple draconian/bolt of dispelling energy
                  | (10)]
 43703 | Depths:4 | 43703 ||| READING 6 scrolls of teleportation.
 43704 | Depths:4 | 43704 ||| READING 5 scrolls of teleportation.
 43705 | Depths:4 | 43705 ||| DRINKING 4 potions of heal wounds.
 44062 | Depths:4 | 44062 ||| INVOKING Heroism.
 44097 | Depths:4 | 44097 ||| INVOKING Heroism.
 44099 | Depths:4 | Noticed Boris
 44121 | Depths:4 | Killed Boris
 44253 | Depths:4 | 44253 ||| Stepping ~*~*~tactically~*~*~ (hiding).
 44255 | Depths:4 | 44255 ||| Stepping ~*~*~tactically~*~*~ (hiding).
 44256 | Depths:4 | 44256 ||| Stepping ~*~*~tactically~*~*~ (hiding).
 44264 | Depths:4 | Received a gift from Okawaru
 44265 | Depths:4 | 44265 ||| Stepping ~*~*~tactically~*~*~ (hiding).
 44293 | Depths:4 | Found a gate to the Realm of Zot.
 44295 | Depths:4 | 44295 ||| Stepping ~*~*~tactically~*~*~ (hiding).
 44297 | Depths:4 | 44297 ||| Stepping ~*~*~tactically~*~*~ (hiding).
 44412 | Depths:4 | Found a one-way gateway to a ziggurat.
 44608 | Depths:4 | Noticed a caustic shrike
 44608 | Depths:4 | Noticed a caustic shrike
 44608 | Depths:4 | Noticed a caustic shrike
 44609 | Depths:4 | 44609 ||| INVOKING Heroism.
 44609 | Depths:4 | Noticed a caustic shrike
 44609 | Depths:4 | Noticed a caustic shrike
 44614 | Depths:4 | Killed a caustic shrike
 44617 | Depths:4 | Killed a caustic shrike
 44618 | Depths:4 | Killed a caustic shrike
 44619 | Depths:4 | Killed a caustic shrike
 44620 | Depths:4 | Reached skill level 22 in Fighting
 44620 | Depths:4 | Killed a caustic shrike
 44906 | Depths:4 | 44906 ||| Stepping ~*~*~tactically~*~*~ (hiding).
 44911 | Depths:4 | Reached skill level 12 in Throwing
 44925 | Depths:4 | 44925 ||| INVOKING Finesse.
 45253 | Depths:4 | 45253 ||| PLANNING VAULTS:5
 45253 | Depths:4 | 45253 ||| DROPPING +2 helmet.
 45254 | Depths:4 | 45254 ||| DROPPING +2 pair of gloves.
 45535 | Vaults:5 | Entered Level 5 of the Vaults
 45536 | Vaults:5 | 45536 ||| PLANNING D:1-11
 45536 | Vaults:5 | 45536 ||| PLANNING D:1-11
 45536 | Vaults:5 | 45536 ||| PLANNING D:1-11
 45536 | Vaults:5 | 45536 ||| PLANNING D:1-11
 45954 | D:1      | 45954 ||| PLANNING LAIR
 46212 | Lair:5   | 46212 ||| PLANNING D:1-11
 46574 | D:11     | 46574 ||| PLANNING D
 46654 | D:15     | 46654 ||| PLANNING ORC
 46984 | Orc:2    | 46984 ||| PLANNING SPIDER:1-3
 47493 | Spider:3 | 47493 ||| PLANNING SWAMP:1-3
 47620 | Swamp:3  | 47620 ||| PLANNING SPIDER:4
 47727 | Spider:4 | 47727 ||| PLANNING VAULTS:1-4
 48183 | Vaults:3 | 48183 ||| DROPPING +2 heavy broad axe.
 48247 | Vaults:4 | 48247 ||| PLANNING SWAMP:4
 48639 | Swamp:4  | 48639 ||| PLANNING DEPTHS
 49030 | Depths:4 | 49030 ||| PLANNING VAULTS:5
 49272 | Vaults:5 | 49272 ||| PLANNING D:1-11
 49275 | Vaults:5 | 49275 ||| STAIRDANCE
 49770 | D:1      | 49770 ||| PLANNING LAIR
 50028 | Lair:5   | 50028 ||| PLANNING D:1-11
 50390 | D:11     | 50390 ||| PLANNING D
 50470 | D:15     | 50470 ||| PLANNING ORC
 50627 | Orc:2    | 50627 ||| PLANNING SPIDER:1-3
 51127 | Spider:3 | 51127 ||| PLANNING SWAMP:1-3
 51255 | Swamp:3  | 51255 ||| PLANNING SPIDER:4
 51364 | Spider:4 | 51364 ||| PLANNING VAULTS:1-4
 51821 | Vaults:4 | 51821 ||| PLANNING SWAMP:4
 52220 | Swamp:4  | 52220 ||| PLANNING DEPTHS
 52611 | Depths:4 | 52611 ||| PLANNING VAULTS:5
 52853 | Vaults:5 | 52853 ||| PLANNING VAULTS:5
 52853 | Vaults:5 | 52853 ||| STAIRDANCE
 52860 | Vaults:4 | Received a gift from Okawaru
 52946 | Vaults:4 | 52946 ||| UPGRADING to +1 plate armour of cold resistance.
 52959 | Vaults:5 | 52959 ||| INVOKING Heroism.
 52962 | Vaults:5 | Reached skill level 9 in Dodging
 52967 | Vaults:5 | Received a gift from Okawaru
 52991 | Vaults:5 | HP: 38/162 [deep elf high priest/divine providence (14)]
 52992 | Vaults:5 | 52992 ||| READING 4 scrolls of teleportation.
 52993 | Vaults:5 | 52993 ||| DRINKING 3 potions of heal wounds.
 53014 | Vaults:5 | 53014 ||| INVOKING Heroism.
 53018 | Vaults:5 | HP: 38/162 [deep elf high priest/divine providence (12)]
 53019 | Vaults:5 | 53019 ||| READING 3 scrolls of teleportation.
 53020 | Vaults:5 | 53020 ||| DRINKING 2 potions of heal wounds.
 53022 | Vaults:5 | 53022 ||| DRINKING potion of heal wounds.
 53024 | Vaults:5 | HP: 38/162 [something/+5 long sword of holy wrath (3)]
 53043 | Vaults:5 | HP: 39/162 [storm dragon/bolt of lightning (7)]
 53044 | Vaults:5 | 53044 ||| READING 2 scrolls of teleportation.
 53049 | Vaults:5 | HP: 29/162 [tengu reaver/+5 long sword of holy wrath (12)]
 53050 | Vaults:5 | 53050 ||| READING scroll of teleportation.
 53074 | Vaults:5 | HP: 21/162 [stone giant (14)]
 53075 | Vaults:5 | 53075 ||| INVOKING Heroism.
 53083 | Vaults:5 | HP: 21/162 [iron dragon (4)]
 53087 | Vaults:5 | HP: 2/162 [war gargoyle/spray of metal splinters (17)]
 53091 | Vaults:5 | Mangled by a war gargoyle

Levels and vault maps discovered:
D:1:      dpeg_arrival_fog, layout_loops_ring
D:2:      layout_loops_ring
D:3:      layout_basic, chequers_ecumenical_altar_island, uniq_grinder
D:4:      layout_rooms, tgw_kikubaaqudgha
D:5:      layout_cave_pools, mainiacjoe_overflow_tiny_flanked,
          minmay_temple_entry_offerings, uniq_eustachio, uniq_menkaure
D:6:      layout_basic, hangedman_decor_opposing, serial_bayou_pond_a,
          chequers_serial_rivers_micro_b, minmay_mini_ossuary
D:7:      layout_cave_pools, chequers_serial_rivers_micro_d, minmay_crossroads
D:8:      layout_loops_ring, lair_entry_dummy, kennysheep_generic_room_11
D:9:      lemuel_slime, layout_loops_corners, mainiacjoe_overflow_cross_hatched,
          mainiacjoe_overflow_catwalk_spiral
D:10:     layout_basic, old_standard_altar, kennysheep_mini,
          nicolae_ru_great_annihilating_truth, erik_orc_4
D:11:     layout_basic
D:12:     layout_irregular_city, nicolae_uskayaw_murder_on_the_dancefloor,
          uniq_erolcha
D:13:     layout_rooms
D:14:     layout_rooms, hangedman_vaults_entry_quadrant_bands,
          kennysheep_path_1, hangedman_tell_no_tales
D:15:     hangedman_depths_entry_try_elsewhere_first, layout_basic,
          grunt_decor_one_mirror, uniq_rupert, uniq_louise
Temple:   nicolae_temple_ecumenical_triangle
Lair:1:   layout_regular_city, grunt_megastairs_3, uniq_erica
Lair:2:   layout_regular_city, uniq_amaemon, uniq_gastronok
Lair:3:   layout_roguey, swamp_mist_pool, nicolae_spider_entry_tight_spaces,
          serial_rivers, chequers_serial_rivers_small_b,
          chequers_serial_rivers_micro_a, chequers_serial_rivers_micro_d,
          chequers_serial_rivers_micro_d, chequers_serial_rivers_small_3,
          chequers_serial_rivers_large_b, grunt_megastairs_4, uniq_nessos
Lair:4:   layout_small_grid, gauntlet_entry_generic, small_statue_intersection,
          infiniplex_staircase_pool
Lair:5:   evil_forest, layout_misc_corridors, slime_entry_1,
          gammafunk_ghost_necromancy, chequers_serial_rivers_micro_b,
          serial_bayou_shore_b
Swamp:1:  layout_falls_marsh, nicolae_swamp_godswood
Swamp:2:  layout_basic_swamp, nicolae_swamp_decorative_isthmus, swamp_pool1
Swamp:3:  layout_falls_marsh, evilmike_swamp_ruin_house_3, swamp_pool5
Swamp:4:  swamp_basic_johnstein, layout_basic_swamp, swamp_pool1,
          nicolae_swamp_fairy_circle, hangedman_swamp_lotus,
          nzn_swamp_weyward_sisters, uniq_mara
Spider:1: layout_spider_delve
Spider:2: layout_spider_delve
Spider:3: layout_cave_pods
Spider:4: floodkiller_spider_rune_tomb, uniq_kirke
Orc:1:    cheibrodos_orc_arena, layout_diamond_mine, basic_altar, serial_shops,
          roderic_batcave
Orc:2:    grunt_orc_cross, layout_diamond_mine
Vaults:1: nicolae_vaults_shipping_containers_2, dpeg_vaults_monster_row,
          nicolae_vaults_oval_intersection, nicolae_vaults_turnstiles,
          nicolae_vaults_tangram_2, v_misc_12, vaults_room_grid, v_pattern_2,
          vaults_dpeg_ring, ontoclasm_vaults_ligature,
          nicolae_vaults_stepped_doors, nicolae_vaults_little_squares_6,
          nicolae_vaults_double_plus_1, nicolae_vaults_little_squares_2,
          nicolae_vaults_trapezoid_lopsided_3, layout_vaults_omnicross
Vaults:2: minmay_crypt_entry_vampire_xt,
          vaults_standard_mumra_enter_the_diamond, v_misc_30,
          vaults_dpeg_spiral, v_misc_14, v_misc_4, hangedman_vaults_slice,
          hangedman_vaults_variations, nicolae_vaults_door_testing_chamber,
          vaults_dpeg_cross, nicolae_vaults_trapezoid_lopsided_1,
          layout_vaults_omnigrid, serial_shops, bzr_entry_dummy
Vaults:3: nicolae_vaults_steering_wheel, v_misc_25, hangedman_vaults_stitches,
          nicolae_vaults_weapon_check, v_alt_pattern_2, vaults_dpeg_doors,
          grunt_vaults_diagonal, nicolae_vaults_circle_grid_a,
          nicolae_vaults_storing_the_good_stuff, vaults_dpeg_hooks, v_misc_3,
          nicolae_vaults_tetromino_T_1, layout_vaults_ring, uniq_nikola,
          uniq_xtahua, uniq_boris, uniq_jory
Vaults:4: hangedman_vaults_pinch, nicolae_vaults_disjoint_gnomons,
          ontoclasm_vaults_spin, dpeg_vaults_monster_box, v_misc_28,
          nicolae_vaults_alarming, special_room_vaults [special_room_orc],
          nicolae_vaults_double_plus_1, layout_vaults_chaotic_city, uniq_margery
Vaults:5: serial_shops, uniq_saint_roka
Depths:1: layout_cave_pools, serial_shops, nicolae_shop_just_a_little_nook,
          abyss_entry, lightli_too_deep, kennysheep_cross_bottleneck,
          minivault_16
Depths:2: hellmonk_destroyed_diamonds, layout_cave_shapes, hangedman_geh_valley,
          serial_shops, kennysheep_little_box, pan_entry, minmay_door_square
Depths:3: kennysheep_six_static_rooms, layout_cave_pools,
          pf_hell_entry_tar_river, ashenzari_altar_1,
          hangedman_abyss_entry_splay, enter_trove_3, mu_enter_wizlab_7,
          eino_tiny_chamber, grunt_gozag_breadcrumbs,
          infiniplex_staircase_zigzag_4, uniq_josephina
Depths:4: evilmike_zot_entry_basic, layout_basic, enter_ziggurat_f, hellmouth_1,
          reono_crystal_passage, serial_bayou_shore_b, uniq_grunn

Skill      XL: |  1  2  3  4  5  6  7  8  9 10 11 12 13 14 15 16 17 18 19 20 21 22 23 |
---------------+----------------------------------------------------------------------+-----
Axes           | 2 3 4 6 7 8 9 11 12 14 16 | 16.0
Fighting       | 4 5 6 7 8 9 10 11 12 15 16 17 18 20 21 22 | 22.0
Dodging        | 1 2 4 5 7 8 9 |  9.0
Throwing       | 1 2 3 5 6 7 9 10 11 12 | 12.3
Armour         | 4 6 7 8 9 10 11 13 15 17 18 19 21 | 21.6
Invocations    | 1 4 8 10 | 10.2
Shields        | 4 5 6 7 9 14 17 18 19 20 21 | 21.5

Action                     |  1- 3 |  4- 6 |  7- 9 | 10-12 | 13-15 | 16-18 | 19-21 | 22-24 || total
---------------------------+-------+-------+-------+-------+-------+-------+-------+-------++-------
  Melee: War axe           |   118 |   100 |   293 |   210 |   664 |   911 |   769 |   492 ||  3557
         Demon whip        |       |       |       |     1 |     8 |       |       |       ||     9
         Hand axe          |       |       |       |       |     6 |     8 |       |       ||    14
  Throw: Boomerang         |       |    34 |    29 |    61 |    96 |   119 |    62 |    30 ||   431
         Javelin           |       |       |       |    22 |    55 |   131 |   238 |    86 ||   532
 Invoke: Heroism           |       |       |     6 |    20 |    28 |    47 |    26 |    22 ||   149
         Finesse           |       |       |       |     3 |     9 |     3 |     9 |     1 ||    25
    Use: Scroll            |     5 |     3 |     8 |     9 |    14 |     2 |     7 |    11 ||    59
         Potion            |     1 |     1 |       |     2 |     7 |     2 |     4 |     7 ||    24
   Stab: Distracted        |       |       |     2 |     6 |     7 |    13 |    20 |     8 ||    56
 Armour: Scale mail        |    36 |       |       |       |   154 |    33 |       |       ||   223
         Ring mail         |     2 |    17 |       |       |       |       |       |       ||    19
         Chain mail        |       |    29 |   135 |       |       |       |       |       ||   164
         Plate armour      |       |       |    64 |   117 |   126 |   399 |   180 |   213 ||  1099
  Dodge: Dodged            |    51 |    30 |   117 |    42 |   182 |   134 |   130 |   178 ||   864
  Block: Buckler           |    23 |     7 |    54 |    33 |    86 |     4 |       |       ||   207
         Tower shield      |       |       |       |       |       |   627 |   480 |   542 ||  1649
         Reflection        |       |       |       |       |       |    21 |    63 |    23 ||   107

Table legend:
 A = Non-vault XP
 B = Vault XP
 C = Vault XP percentage of total XP
 D = Non-vault monster count
 E = Vault monster count
 F = Vault count percentage of total count
                 A         B        C        D         E       F
            +---------+---------+-------+---------+---------+-------
      Total |  504865 |  299547 |  37.2 |    1112 |     528 |  32.2
            +---------+---------+-------+---------+---------+-------
        D:1 |      47 |       0 |   0.0 |      24 |       0 |   0.0
        D:2 |      27 |       0 |   0.0 |      16 |       0 |   0.0
        D:3 |     160 |     272 |  63.0 |      29 |       1 |   3.3
        D:4 |     302 |     165 |  35.3 |      26 |       1 |   3.7
        D:5 |     248 |     191 |  43.5 |       9 |       1 |  10.0
        D:6 |     895 |      22 |   2.4 |      20 |       5 |  20.0
        D:7 |    1049 |      88 |   7.7 |      25 |       1 |   3.8
        D:8 |    1218 |      74 |   5.7 |      27 |       1 |   3.6
        D:9 |    2685 |     486 |  15.3 |      25 |      19 |  43.2
       D:10 |    3098 |     538 |  14.8 |      20 |      20 |  50.0
       D:11 |    3206 |       0 |   0.0 |      11 |       0 |   0.0
       D:12 |   10162 |     865 |   7.8 |      41 |       1 |   2.4
       D:13 |   10372 |       0 |   0.0 |      28 |       0 |   0.0
       D:14 |   12030 |    9146 |  43.2 |      24 |      26 |  52.0
       D:15 |   16756 |    5774 |  25.6 |      28 |       6 |  17.6
     Lair:1 |    4716 |    1985 |  29.6 |      19 |       7 |  26.9
     Lair:2 |    7351 |    2814 |  27.7 |      27 |       3 |  10.0
     Lair:3 |    9850 |    2634 |  21.1 |      19 |      10 |  34.5
     Lair:4 |   10954 |       0 |   0.0 |      30 |       0 |   0.0
     Lair:5 |    8893 |    9421 |  51.4 |      15 |      26 |  63.4
    Swamp:1 |    9214 |       0 |   0.0 |      21 |       0 |   0.0
    Swamp:2 |   15220 |       0 |   0.0 |      25 |       0 |   0.0
    Swamp:3 |   17835 |     393 |   2.2 |      34 |       3 |   8.1
    Swamp:4 |   16473 |   28892 |  63.7 |      28 |      35 |  55.6
   Spider:1 |   22431 |       0 |   0.0 |      56 |       0 |   0.0
   Spider:2 |   22175 |       0 |   0.0 |      50 |       0 |   0.0
   Spider:3 |   11222 |    1415 |  11.2 |      30 |       1 |   3.2
   Spider:4 |   12888 |   29549 |  69.6 |      27 |      59 |  68.6
      Orc:1 |    1824 |    1926 |  51.4 |       9 |      24 |  72.7
      Orc:2 |    5028 |    7070 |  58.4 |      45 |      32 |  41.6
   Vaults:1 |   55917 |   17908 |  24.3 |      78 |      22 |  22.0
   Vaults:2 |    5740 |   18096 |  75.9 |      12 |      26 |  68.4
   Vaults:3 |   28470 |   34123 |  54.5 |      33 |      38 |  53.5
   Vaults:4 |   32561 |   52909 |  61.9 |      45 |      82 |  64.6
   Vaults:5 |    4322 |   33232 |  88.5 |       4 |      32 |  88.9
   Depths:1 |   45154 |    2780 |   5.8 |      55 |       4 |   6.8
   Depths:2 |   31821 |       0 |   0.0 |      40 |       0 |   0.0
   Depths:3 |   26949 |   14890 |  35.6 |      32 |      16 |  33.3
   Depths:4 |   35602 |   17270 |  32.7 |      25 |      16 |  39.0
   Gauntlet |       0 |    4619 | 100.0 |       0 |      10 | 100.0
            +---------+---------+-------+---------+---------+-------
